Workbook
Name Abwicklungsmodelle: Prämissenblatt_Rohstoff!$H$89:$H$92
Name bottomMaterials: Material!$D$78
Name bottomProcesses: Fertigungskosten!$D$35
Name bottomTools: 'SBM-SEKOF-FWZ'!$C$50
Name EndZMaterials: ROW(bottomMaterials)-1
Name EndZProcesses: ROW(bottomProcesses)-1
Name EndZSBMInv: ROW(bottomSBMInvent)-1
Name EndZTools: ROW(bottomTools)-1
Name Ergänzungsschlüssel: Prämissenblatt_Rohstoff!$B$90:$B$102
Name Folgewerkzeug: Prämissenblatt!$O$8:$O$48
Name Kaufteil: Prämissenblatt!$W$8
Name list_Rohstoffschlüssel: Prämissenblatt_Rohstoff!$B$4:$D$83
Name listAngebotsWährungen: Zusammenfassung!$C$26:$C$28
Name listFlächeneinheit: Prämissenblatt!$AC$8:$AC$10
Name listLändernamen: Prämissenblatt!$K$8:$K$87
Name listMengeneinheiten: Prämissenblatt!$W$8:$W$28
Name listRohstoffschlüssel_Neu: Prämissenblatt_Rohstoff!$G$4:$G$74
Name listVerrechnungsformen: Prämissenblatt!$AA$8:$AA$11
Name listVorhanden: Prämissenblatt!$Y$8:$Y$9
Name listZulässigeAngebotswährungen: Prämissenblatt!$E$8:$E$40
Name listZulässigeBeschaffungswährungen: Prämissenblatt!$H$8:$H$63
Name MTZ: Prämissenblatt!$W$9
Name Prämie: Prämissenblatt!$W$17
Name QAF_MAPPING_GEWINN_1: Zusammenfassung!$P$23
Name QAF_MAPPING_GEWINN_2: Zusammenfassung!$O$23
Name QAF_MAPPING_GEWINN_3: Zusammenfassung!$N$23
Name QAF_MAPPING_SBM_1: Zusammenfassung!$P$34
Name QAF_MAPPING_SBM_2: Zusammenfassung!$O$34
Name QAF_MAPPING_SBM_3: Zusammenfassung!$N$34
Name QAF_MAPPING_ZUSCHLAG_1: Zusammenfassung!#REF!
Name QAF_MAPPING_ZUSCHLAG_2: Zusammenfassung!#REF!
Name QAF_MAPPING_ZUSCHLAG_3: Zusammenfassung!#REF!
Name Risiko: Prämissenblatt!$W$9
Name Rohstoffe_Materialblatt: Prämissenblatt_Rohstoff!$G$4:$I$74
Name SBM: Prämissenblatt!$O$8:$O$48
Name SBM_2: Prämissenblatt!$O$8:$P$48
Name SBMFeld: Prämissenblatt!$O$6
Name SEKOF: Prämissenblatt!$S$8:$S$41
Name SEKOF_2: Prämissenblatt!$S$8:$T$41
Name SEKOFFeld: Prämissenblatt!$S$6
Name Stück_Risiko: Prämissenblatt!$W$9
Name Werkzeuginstandhaltung: Prämissenblatt!$AH$8
Name WerkzeugwartungFeld: Prämissenblatt!$AH$6

Sheet Zusammenfassung
A2: 26.25 | B2: BMW Group | F2: QUOTATION ANALYSIS FORM | L2: Hilfe und Dokumentation | O2: b2b.bmw.com
A3: 18 | B3: VERTRAULICH | F3: ZUSAMMENFASSUNG | L3: (siehe Nutzerleitfaden QAF Version 8.3)
A4: 15.75 | B4: QAF Version 8.3.02.02 © BMW AG
A5: 17 | B5: Bearbeiter Lieferant: | C5: Valeo | F5: Anbieter/Lieferant: | I5: Valeo | L5: Teilebenennung: | M5: SZL
A6: 17 | B6: E-Mail: | C6: ulrich.wiedl@valeo.com | F6: BMW Lieferanten-Nr.: | I6: 16129510 | L6: Änderungsindex (AI):
A7: 17 | B7: Telefon: | C7: 07142 916 2143 | F7: BMW Projekt: | I7: 35up | L7: Anfragenummer / Version: | M7: Zum Angebot vom 11.05.2016
A8: 17 | B8: Angebotsdatum: | C8: 42513 | F8: BMW Sachnummer: | L8: Variante: | M8: SZL 4-Band mit AIC mit FLA mit Heckwischen
A9: 20
A10: 19 | B10: Allgemeine Prämissen | M10: Währungen | N10: =IF(C28="","", C28) | O10: =IF(C27="","", C27) | P10: =C26 -> EUR
A11: 19 | F11: 1. | G11: Materialkosten | N11: =Material!U82 -> 0 | O11: =Material!U81 -> 0 | P11: =Material!U80 -> 13.687852
A12: 19 | F12: 2. | G12: Fertigungskosten | N12: =Fertigungskosten!U39 -> 0 | O12: =Fertigungskosten!U38 -> 0 | P12: =Fertigungskosten!U37 -> 2.92
A13: 19 | B13: Serienlaufzeit [Jahre] : | D13: 10 | G13: SUMME HERSTELLKOSTEN | L13: (1.+ 2.) | N13: =N12+N11 -> 0 | O13: =O12+O11 -> 0 | P13: =P12+P11 -> 16.607852
A14: 19 | B14: Gesamtvolumen gem. Anfrage [Teile]: | D14: 4.463k | G14: Enthaltene Verpackung und Transport | N14: =Material!M82+Material!L82 -> 0 | O14: =Material!M81+Material!L81 -> 0 | P14: =Material!M80+Material!L80 -> 0
A15: 19 | B15: Peakvolumen Jahr [Teile / Jahr] : | D15: 1077k / 2021 | G15: Enthaltene Zölle | N15: =Material!N82 -> 0 | O15: =Material!N81 -> 0 | P15: =Material!N80 -> 0
A16: 19 | B16: Plankapazität [Teile / Jahr] :
A17: 19 | B17: Fertigungslosgröße [Teile]: | F17: 3. | G17: SEKOF und Folgewerkzeuge | N17: ='SBM-SEKOF-FWZ'!U54 -> 0 | O17: ='SBM-SEKOF-FWZ'!U53 -> 0 | P17: ='SBM-SEKOF-FWZ'!U52 -> 0
A18: 19 | B18: Produktionsstart (SOP) [mm.jjjj] : | C18: 43221 | F18: 4. | G18: Ausschusskosten | I18: Material | N18: =Material!W82 -> 0 | O18: =Material!W81 -> 0 | P18: =Material!W80 + L18 -> 0.054971292
A19: 19 | B19: Prämissen Lieferant | I19: Fertigung | N19: =Fertigungskosten!W39 -> 0 | O19: =Fertigungskosten!W38 -> 0 | P19: =Fertigungskosten!W37 + L19 -> 0.011726908
A20: 19
A21: 19 | B21: Fertigungsstandort (Land / Ort): | C21: Veszprem | G21: GESAMTKOSTEN | L21: (1.+ 2.+ 3.+ 4.) | N21: =SUM(N17:N19)+N13 -> 0 | O21: =SUM(O17:O19)+O13 -> 0 | P21: =SUM(P17:P19)+P13 -> 16.67455
A22: 19 | B22: Arbeitsstunden / Jahr [h]:
A23: 19 | B23: Schichten / Woche: | F23: 5. | G23: Sonstige Zuschläge | K23: Erläuterung: | L23: Investumlage 1 te/2teTranche + OH + Gewinn | P23: =0.64+1.5+ 1.4 -> 3.54
A24: 19 | D24: Wechselkurse zur Bestell- währung [AW1] (rein informativ) | G24: ANGEBOTSBASISPREIS | L24: (1.+ 2.+ 3.+ 4.+ 5.) | N24: =N21+N23 -> 0 | O24: =O21+O23 -> 0 | P24: =P21+P23 -> 20.21455
A26: 19 | B26: 1. (Bestell-) Währung 1 [AW1]: | C26: EUR | F26: 6. | G26: Rohstoff Preisanteil | K26: Erläuterung: | N26: =Material!AB82 -> 0 | O26: =Material!AB81 -> 0 | P26: =Material!AB80 -> 0
A27: 19 | B27: 2. Angebotswährung 2 [AW2] (optional): | F27: 7. | G27: Zölle Lieferant - BMW | K27: Erläuterung:
A28: 19 | B28: 3. Angebotswährung 3 [AW3] (optional): | F28: 8. | G28: Transportkosten Lieferant - BMW | K28: Erläuterung:
A29: 19 | B29: Sonstige Daten | G29: ANGEBOTSPREIS | L29: (Summe 1. bis 8.) | N29: =SUM(N26:N28)+N24 -> 0 | O29: =SUM(O26:O28)+O24 -> 0 | P29: =SUM(P26:P28)+P24 -> 20.21455
A30: 19 | G30: Preisindikation in Bestellwährung [AW1] | P30: =IF(AND(OR(C27=0,D27=0),OR(C28=0,D28=0)),"",P29+(O29*D27)+(N29*D28))
A31: 19
A32: 19 | B32: Teileabmessungen (LxBxH) [mm]: | G32: Einmalzahlungen
A33: 19 | B33: Teilegewicht unverpackt [kg]: | F33: 9. | G33: Entwicklungskosten | K33: Erläuterung:
A34: 19 | B34: Gesamtgewicht [kg]: | F34: 10. | G34: Sonderbetriebsmittel | K34: Erläuterung: | N34: ='SBM-SEKOF-FWZ'!T54 -> 0 | O34: ='SBM-SEKOF-FWZ'!T53 -> 0 | P34: ='SBM-SEKOF-FWZ'!T52 -> 1952300
A35: 19 | B35: Lieferbedingungen: | G35: GESAMTEINMALZAHLUNG | N35: =SUM(N33:N34) -> 0 | O35: =SUM(O33:O34) -> 0 | P35: =SUM(P33:P34) -> 1952300
A36: 19 | B36: Versorgungsart/KOVP Abrufstatus: | G36: Gesamteinmalzahlungen (Indikation) in Bestellwährung [AW1] | P36: =IF(AND(OR(C27=0,D27=0),OR(C28=0,D28=0)),"",P35+(O35*D27)+(N35*D28))
A37: 20
B38: Bemerkungen:

Sheet Material
B1: 5 | C1: 12 | D1: 20 | E1: 10 | F1: 10 | G1: 7.5 | H1: 5 | I1: 10 | J1: 5 | K1: 10 | L1: 10 | M1: 10 | N1: 10 | O1: 7.5 | P1: 10 | Q1: 10 | R1: 10 | S1: 10 | T1: 5 | U1: 10 | V1: 5 | W1: 10 | X1: 2 | Y1: 10 | Z1: 10 | AA1: 10 | AB1: 10
B2: BMW Group | G2: QUOTATION ANALYSIS FORM | Q2: Hilfe und Dokumentation | U2: b2b.bmw.com
B3: VERTRAULICH | G3: 1. Material | Q3: (siehe Nutzerleitfaden QAF Version 8.3)
B4: =Zusammenfassung!B4 -> QAF Version 8.3.02.02 © BMW AG
B5: Bearbeiter: | D5: =Zusammenfassung!$C5 -> Valeo | G5: Anbieter/Lieferant: | J5: =Zusammenfassung!$I5 -> Valeo | P5: Teilebenennung: | S5: =Zusammenfassung!$M5 -> SZL
B6: E-Mail: | D6: =HYPERLINK(CONCATENATE("mailto:",Zusammenfassung!C6),Zusammenfassung!C6) -> ulrich.wiedl@valeo.com | G6: BMW Lieferanten-Nr.: | J6: =Zusammenfassung!$I6 -> 16129510 | P6: Änderungsindex (AI): | S6: =Zusammenfassung!$M6 -> 0
B7: Telefon: | D7: =Zusammenfassung!$C7 -> 07142 916 2143 | G7: BMW Projekt: | J7: =Zusammenfassung!$I7 -> 35up | P7: Anfragenummer / Version: | S7: =Zusammenfassung!$M7 -> Zum Angebot vom 11.05.2016
B8: Angebotsdatum: | D8: =Zusammenfassung!$C8 -> 42513 | G8: BMW Sachnummer: | J8: =Zusammenfassung!$I8 -> 0 | P8: Variante: | S8: =Zusammenfassung!$M8 -> SZL 4-Band mit AIC mit FLA mit Heckwischen
D10: Beschreibung | H10: Beschaffungswährung | P10: Angaben in Angebotswährung | Y10: Befüllung nach Vorgabe BMW Einkauf
B11: Positionsnummer Fertigungsschritt | C11: Teilebenennung | D11: Benennung Rohmaterial / Kaufteil | E11: Lieferant | F11: Technische Funktion des Bauteils | G11: Mengeneinheit | H11: Beschaffungswährung [BW] | I11: Preis pro Mengeneinheit [BW] | J11: Angebotswährung [AW] | K11: Wechselkurs [AW/BW] | L11: Verpackungskosten je Mengeneinheit [AW] | M11: Transportkosten je Mengeneinheit [AW] | N11: Zollkosten je Mengeneinheit [AW] | O11: Materialgemeinkosten MGK [%] | P11: Materialkosten pro Mengeneinheit [AW] | Q11: Einsatzmenge [Einheiten] (nur Rohmaterial) | R11: Nettomenge [Einheiten] (nur Rohmaterial) | S11: Rückvergütung [AW] (nur Rohmaterial) | T11: Anzahl pro Angebotsteil | U11: Materialkosten [AW] | V11: Materialausschuss [%] | W11: Ausschusskosten Material [AW] | Y11: Rohstoffbezeichnung | Z11: Bezugsgewicht [kg] | AA11: Rohstoffnotierung Ro [AW/kg] | AB11: Rohstofffzuschlag RoZ0 [AW]
P12: =IF(G12=(Prämie),I12*K12,IF(G12=(MTZ),(I12*K12+L12+M12+N12)*(1+O12)+(O12*AA12*Z12),(I12*K12+L12+M12+N12)*(1+O12)+(O12*AA12))) -> 0 | U12: =IF(OR(G12=(Kaufteil), G12=(MTZ)), P12*T12, IF(G12=(Prämie),P12*R12*T12,(P12*Q12-S12)*T12)) -> 0 | W12: =IF(G12=(Prämie), 0, U12*(1/(1-V12)-1)) -> 0 | AB12: =IF(AND(NOT(#REF!="x"),Y12<>""), Z12*AA12, 0) -> #REF!
C13: Indicator BC/FLA lever | D13: Positionen | E13: Valeo | P13: =IF(G13=(Prämie),I13*K13,IF(G13=(MTZ),(I13*K13+L13+M13+N13)*(1+O13)+(O13*AA13*Z13),(I13*K13+L13+M13+N13)*(1+O13)+(O13*AA13))) -> 0 | U13: =IF(OR(G13=(Kaufteil), G13=(MTZ)), P13*T13, IF(G13=(Prämie),P13*R13*T13,(P13*Q13-S13)*T13)) -> 0 | W13: =IF(G13=(Prämie), 0, U13*(1/(1-V13)-1)) -> 0
B14: 1 | C14: Cover | D14: 10 | G14: Stück (Kaufteil) | H14: EUR | I14: 0.16 | J14: EUR | K14: 1 | O14: 0.038 | P14: =IF(G14=(Prämie),I14*K14,IF(G14=(MTZ),(I14*K14+L14+M14+N14)*(1+O14)+(O14*AA14*Z14),(I14*K14+L14+M14+N14)*(1+O14)+(O14*AA14))) -> 0.16608 | T14: 1 | U14: =IF(OR(G14=(Kaufteil), G14=(MTZ)), P14*T14, IF(G14=(Prämie),P14*R14*T14,(P14*Q14-S14)*T14)) -> 0.16608 | V14: 0.004 | W14: =IF(G14=(Prämie), 0, U14*(1/(1-V14)-1)) -> 0.00066698795
B15: 2 | C15: Lever | D15: 20 | G15: Stück (Kaufteil) | H15: EUR | I15: 0.238 | J15: EUR | K15: 1 | O15: 0.038 | P15: =IF(G15=(Prämie),I15*K15,IF(G15=(MTZ),(I15*K15+L15+M15+N15)*(1+O15)+(O15*AA15*Z15),(I15*K15+L15+M15+N15)*(1+O15)+(O15*AA15))) -> 0.247044 | T15: 1 | U15: =IF(OR(G15=(Kaufteil), G15=(MTZ)), P15*T15, IF(G15=(Prämie),P15*R15*T15,(P15*Q15-S15)*T15)) -> 0.247044 | V15: 0.004 | W15: =IF(G15=(Prämie), 0, U15*(1/(1-V15)-1)) -> 0.00099214458
B16: 3 | C16: Holder | D16: 30 | G16: Stück (Kaufteil) | H16: EUR | I16: 0.051 | J16: EUR | K16: 1 | O16: 0.038 | P16: =IF(G16=(Prämie),I16*K16,IF(G16=(MTZ),(I16*K16+L16+M16+N16)*(1+O16)+(O16*AA16*Z16),(I16*K16+L16+M16+N16)*(1+O16)+(O16*AA16))) -> 0.052938 | T16: 1 | U16: =IF(OR(G16=(Kaufteil), G16=(MTZ)), P16*T16, IF(G16=(Prämie),P16*R16*T16,(P16*Q16-S16)*T16)) -> 0.052938 | V16: 0.004 | W16: =IF(G16=(Prämie), 0, U16*(1/(1-V16)-1)) -> 0.00021260241
B17: 4 | C17: Button | D17: 50 | G17: Stück (Kaufteil) | H17: EUR | I17: 0.034 | J17: EUR | K17: 1 | O17: 0.038 | P17: =IF(G17=(Prämie),I17*K17,IF(G17=(MTZ),(I17*K17+L17+M17+N17)*(1+O17)+(O17*AA17*Z17),(I17*K17+L17+M17+N17)*(1+O17)+(O17*AA17))) -> 0.035292 | T17: 1 | U17: =IF(OR(G17=(Kaufteil), G17=(MTZ)), P17*T17, IF(G17=(Prämie),P17*R17*T17,(P17*Q17-S17)*T17)) -> 0.035292 | V17: 0.004 | W17: =IF(G17=(Prämie), 0, U17*(1/(1-V17)-1)) -> 0.00014173494
B18: 5 | C18: Button | D18: 55 | G18: Stück (Kaufteil) | H18: EUR | I18: 0.034 | J18: EUR | K18: 1 | O18: 0.038 | P18: =IF(G18=(Prämie),I18*K18,IF(G18=(MTZ),(I18*K18+L18+M18+N18)*(1+O18)+(O18*AA18*Z18),(I18*K18+L18+M18+N18)*(1+O18)+(O18*AA18))) -> 0.035292 | T18: 1 | U18: =IF(OR(G18=(Kaufteil), G18=(MTZ)), P18*T18, IF(G18=(Prämie),P18*R18*T18,(P18*Q18-S18)*T18)) -> 0.035292 | V18: 0.004 | W18: =IF(G18=(Prämie), 0, U18*(1/(1-V18)-1)) -> 0.00014173494
B19: 6 | C19: PCB Assy | D19: 60 | G19: Stück (Kaufteil) | H19: EUR | I19: 0.63569 | J19: EUR | K19: 1 | O19: 0.038 | P19: =IF(G19=(Prämie),I19*K19,IF(G19=(MTZ),(I19*K19+L19+M19+N19)*(1+O19)+(O19*AA19*Z19),(I19*K19+L19+M19+N19)*(1+O19)+(O19*AA19))) -> 0.65984622 | T19: 1 | U19: =IF(OR(G19=(Kaufteil), G19=(MTZ)), P19*T19, IF(G19=(Prämie),P19*R19*T19,(P19*Q19-S19)*T19)) -> 0.65984622 | V19: 0.004 | W19: =IF(G19=(Prämie), 0, U19*(1/(1-V19)-1)) -> 0.0026499848
B20: 7 | C20: Bolts | D20: 100 | G20: Stück (Kaufteil) | H20: EUR | I20: 0.08503 | J20: EUR | K20: 1 | O20: 0.038 | P20: =IF(G20=(Prämie),I20*K20,IF(G20=(MTZ),(I20*K20+L20+M20+N20)*(1+O20)+(O20*AA20*Z20),(I20*K20+L20+M20+N20)*(1+O20)+(O20*AA20))) -> 0.08826114 | T20: 1 | U20: =IF(OR(G20=(Kaufteil), G20=(MTZ)), P20*T20, IF(G20=(Prämie),P20*R20*T20,(P20*Q20-S20)*T20)) -> 0.08826114 | V20: 0.004 | W20: =IF(G20=(Prämie), 0, U20*(1/(1-V20)-1)) -> 0.00035446241
B21: 8 | C21: Switching-parts | D21: 120 | G21: Stück (Kaufteil) | H21: EUR | I21: 0.0308 | J21: EUR | K21: 1 | O21: 0.038 | P21: =IF(G21=(Prämie),I21*K21,IF(G21=(MTZ),(I21*K21+L21+M21+N21)*(1+O21)+(O21*AA21*Z21),(I21*K21+L21+M21+N21)*(1+O21)+(O21*AA21))) -> 0.0319704 | T21: 1 | U21: =IF(OR(G21=(Kaufteil), G21=(MTZ)), P21*T21, IF(G21=(Prämie),P21*R21*T21,(P21*Q21-S21)*T21)) -> 0.0319704 | V21: 0.004 | W21: =IF(G21=(Prämie), 0, U21*(1/(1-V21)-1)) -> 0.00012839518
B22: 9 | C22: Spring | D22: 130 | G22: Stück (Kaufteil) | H22: EUR | I22: 0.01936 | J22: EUR | K22: 1 | O22: 0.038 | P22: =IF(G22=(Prämie),I22*K22,IF(G22=(MTZ),(I22*K22+L22+M22+N22)*(1+O22)+(O22*AA22*Z22),(I22*K22+L22+M22+N22)*(1+O22)+(O22*AA22))) -> 0.02009568 | T22: 1 | U22: =IF(OR(G22=(Kaufteil), G22=(MTZ)), P22*T22, IF(G22=(Prämie),P22*R22*T22,(P22*Q22-S22)*T22)) -> 0.02009568 | V22: 0.004 | W22: =IF(G22=(Prämie), 0, U22*(1/(1-V22)-1)) -> 8.0705542e-05
B23: 10 | C23: Washer | D23: 140 | G23: Stück (Kaufteil) | H23: EUR | I23: 0.01562 | J23: EUR | K23: 1 | O23: 0.038 | P23: =IF(G23=(Prämie),I23*K23,IF(G23=(MTZ),(I23*K23+L23+M23+N23)*(1+O23)+(O23*AA23*Z23),(I23*K23+L23+M23+N23)*(1+O23)+(O23*AA23))) -> 0.01621356 | T23: 1 | U23: =IF(OR(G23=(Kaufteil), G23=(MTZ)), P23*T23, IF(G23=(Prämie),P23*R23*T23,(P23*Q23-S23)*T23)) -> 0.01621356 | V23: 0.004 | W23: =IF(G23=(Prämie), 0, U23*(1/(1-V23)-1)) -> 6.5114699e-05
C24: Wiper EU with RW lever | I24: 0 | P24: =IF(G24=(Prämie),I24*K24,IF(G24=(MTZ),(I24*K24+L24+M24+N24)*(1+O24)+(O24*AA24*Z24),(I24*K24+L24+M24+N24)*(1+O24)+(O24*AA24))) -> 0 | U24: =IF(OR(G24=(Kaufteil), G24=(MTZ)), P24*T24, IF(G24=(Prämie),P24*R24*T24,(P24*Q24-S24)*T24)) -> 0 | W24: =IF(G24=(Prämie), 0, U24*(1/(1-V24)-1)) -> 0
B25: 11 | C25: Cover | D25: 10 | G25: Stück (Kaufteil) | H25: EUR | I25: 0.14 | J25: EUR | K25: 1 | O25: 0.038 | P25: =IF(G25=(Prämie),I25*K25,IF(G25=(MTZ),(I25*K25+L25+M25+N25)*(1+O25)+(O25*AA25*Z25),(I25*K25+L25+M25+N25)*(1+O25)+(O25*AA25))) -> 0.14532 | T25: 1 | U25: =IF(OR(G25=(Kaufteil), G25=(MTZ)), P25*T25, IF(G25=(Prämie),P25*R25*T25,(P25*Q25-S25)*T25)) -> 0.14532 | V25: 0.004 | W25: =IF(G25=(Prämie), 0, U25*(1/(1-V25)-1)) -> 0.00058361446
B26: 12 | C26: Lever | D26: 20 | G26: Stück (Kaufteil) | H26: EUR | I26: 0.38 | J26: EUR | K26: 1 | O26: 0.038 | P26: =IF(G26=(Prämie),I26*K26,IF(G26=(MTZ),(I26*K26+L26+M26+N26)*(1+O26)+(O26*AA26*Z26),(I26*K26+L26+M26+N26)*(1+O26)+(O26*AA26))) -> 0.39444 | T26: 1 | U26: =IF(OR(G26=(Kaufteil), G26=(MTZ)), P26*T26, IF(G26=(Prämie),P26*R26*T26,(P26*Q26-S26)*T26)) -> 0.39444 | V26: 0.004 | W26: =IF(G26=(Prämie), 0, U26*(1/(1-V26)-1)) -> 0.0015840964
B27: 13 | C27: Holder | D27: 30 | G27: Stück (Kaufteil) | H27: EUR | I27: 0.068 | J27: EUR | K27: 1 | O27: 0.038 | P27: =IF(G27=(Prämie),I27*K27,IF(G27=(MTZ),(I27*K27+L27+M27+N27)*(1+O27)+(O27*AA27*Z27),(I27*K27+L27+M27+N27)*(1+O27)+(O27*AA27))) -> 0.070584 | T27: 1 | U27: =IF(OR(G27=(Kaufteil), G27=(MTZ)), P27*T27, IF(G27=(Prämie),P27*R27*T27,(P27*Q27-S27)*T27)) -> 0.070584 | V27: 0.004 | W27: =IF(G27=(Prämie), 0, U27*(1/(1-V27)-1)) -> 0.00028346988
B28: 14 | C28: Cable module Assy | D28: 70 | G28: Stück (Kaufteil) | H28: EUR | I28: 0.90673 | J28: EUR | K28: 1 | O28: 0.038 | P28: =IF(G28=(Prämie),I28*K28,IF(G28=(MTZ),(I28*K28+L28+M28+N28)*(1+O28)+(O28*AA28*Z28),(I28*K28+L28+M28+N28)*(1+O28)+(O28*AA28))) -> 0.94118574 | T28: 1 | U28: =IF(OR(G28=(Kaufteil), G28=(MTZ)), P28*T28, IF(G28=(Prämie),P28*R28*T28,(P28*Q28-S28)*T28)) -> 0.94118574 | V28: 0.004 | W28: =IF(G28=(Prämie), 0, U28*(1/(1-V28)-1)) -> 0.0037798624
B29: 15 | C29: Switching-parts | D29: 80 | G29: Stück (Kaufteil) | H29: EUR | I29: 0.04125 | J29: EUR | K29: 1 | O29: 0.038 | P29: =IF(G29=(Prämie),I29*K29,IF(G29=(MTZ),(I29*K29+L29+M29+N29)*(1+O29)+(O29*AA29*Z29),(I29*K29+L29+M29+N29)*(1+O29)+(O29*AA29))) -> 0.0428175 | T29: 1 | U29: =IF(OR(G29=(Kaufteil), G29=(MTZ)), P29*T29, IF(G29=(Prämie),P29*R29*T29,(P29*Q29-S29)*T29)) -> 0.0428175 | V29: 0.004 | W29: =IF(G29=(Prämie), 0, U29*(1/(1-V29)-1)) -> 0.00017195783
B30: 16 | C30: Collar Assy | D30: 90 | G30: Stück (Kaufteil) | H30: EUR | I30: 0.03674 | J30: EUR | K30: 1 | O30: 0.038 | P30: =IF(G30=(Prämie),I30*K30,IF(G30=(MTZ),(I30*K30+L30+M30+N30)*(1+O30)+(O30*AA30*Z30),(I30*K30+L30+M30+N30)*(1+O30)+(O30*AA30))) -> 0.03813612 | T30: 2 | U30: =IF(OR(G30=(Kaufteil), G30=(MTZ)), P30*T30, IF(G30=(Prämie),P30*R30*T30,(P30*Q30-S30)*T30)) -> 0.07627224 | V30: 0.004 | W30: =IF(G30=(Prämie), 0, U30*(1/(1-V30)-1)) -> 0.00030631422
B31: 17 | C31: Bolts | D31: 100 | G31: Stück (Kaufteil) | H31: EUR | I31: 0.08503 | J31: EUR | K31: 1 | O31: 0.038 | P31: =IF(G31=(Prämie),I31*K31,IF(G31=(MTZ),(I31*K31+L31+M31+N31)*(1+O31)+(O31*AA31*Z31),(I31*K31+L31+M31+N31)*(1+O31)+(O31*AA31))) -> 0.08826114 | T31: 1 | U31: =IF(OR(G31=(Kaufteil), G31=(MTZ)), P31*T31, IF(G31=(Prämie),P31*R31*T31,(P31*Q31-S31)*T31)) -> 0.08826114 | V31: 0.004 | W31: =IF(G31=(Prämie), 0, U31*(1/(1-V31)-1)) -> 0.00035446241
B32: 18 | C32: Electrical Plate | D32: 110 | G32: Stück (Kaufteil) | H32: EUR | I32: 0.15587 | J32: EUR | K32: 1 | O32: 0.038 | P32: =IF(G32=(Prämie),I32*K32,IF(G32=(MTZ),(I32*K32+L32+M32+N32)*(1+O32)+(O32*AA32*Z32),(I32*K32+L32+M32+N32)*(1+O32)+(O32*AA32))) -> 0.16179306 | T32: 1 | U32: =IF(OR(G32=(Kaufteil), G32=(MTZ)), P32*T32, IF(G32=(Prämie),P32*R32*T32,(P32*Q32-S32)*T32)) -> 0.16179306 | V32: 0.004 | W32: =IF(G32=(Prämie), 0, U32*(1/(1-V32)-1)) -> 0.00064977133
B33: 19 | C33: Switching-parts | D33: 120 | G33: Stück (Kaufteil) | H33: EUR | I33: 0.0308 | J33: EUR | K33: 1 | O33: 0.038 | P33: =IF(G33=(Prämie),I33*K33,IF(G33=(MTZ),(I33*K33+L33+M33+N33)*(1+O33)+(O33*AA33*Z33),(I33*K33+L33+M33+N33)*(1+O33)+(O33*AA33))) -> 0.0319704 | T33: 1 | U33: =IF(OR(G33=(Kaufteil), G33=(MTZ)), P33*T33, IF(G33=(Prämie),P33*R33*T33,(P33*Q33-S33)*T33)) -> 0.0319704 | V33: 0.004 | W33: =IF(G33=(Prämie), 0, U33*(1/(1-V33)-1)) -> 0.00012839518
B34: 20 | C34: Spring | D34: 130 | G34: Stück (Kaufteil) | H34: EUR | I34: 0.01936 | J34: EUR | K34: 1 | O34: 0.038 | P34: =IF(G34=(Prämie),I34*K34,IF(G34=(MTZ),(I34*K34+L34+M34+N34)*(1+O34)+(O34*AA34*Z34),(I34*K34+L34+M34+N34)*(1+O34)+(O34*AA34))) -> 0.02009568 | T34: 1 | U34: =IF(OR(G34=(Kaufteil), G34=(MTZ)), P34*T34, IF(G34=(Prämie),P34*R34*T34,(P34*Q34-S34)*T34)) -> 0.02009568 | V34: 0.004 | W34: =IF(G34=(Prämie), 0, U34*(1/(1-V34)-1)) -> 8.0705542e-05
B35: 21 | C35: Electrical Plate | D35: 140 | G35: Stück (Kaufteil) | H35: EUR | I35: 0.05269 | J35: EUR | K35: 1 | O35: 0.038 | P35: =IF(G35=(Prämie),I35*K35,IF(G35=(MTZ),(I35*K35+L35+M35+N35)*(1+O35)+(O35*AA35*Z35),(I35*K35+L35+M35+N35)*(1+O35)+(O35*AA35))) -> 0.05469222 | T35: 1 | U35: =IF(OR(G35=(Kaufteil), G35=(MTZ)), P35*T35, IF(G35=(Prämie),P35*R35*T35,(P35*Q35-S35)*T35)) -> 0.05469222 | V35: 0.004 | W35: =IF(G35=(Prämie), 0, U35*(1/(1-V35)-1)) -> 0.00021964747
B36: 22 | C36: cap | D36: 150 | G36: Stück (Kaufteil) | H36: EUR | I36: 0.127 | J36: EUR | K36: 1 | O36: 0.038 | P36: =IF(G36=(Prämie),I36*K36,IF(G36=(MTZ),(I36*K36+L36+M36+N36)*(1+O36)+(O36*AA36*Z36),(I36*K36+L36+M36+N36)*(1+O36)+(O36*AA36))) -> 0.131826 | T36: 1 | U36: =IF(OR(G36=(Kaufteil), G36=(MTZ)), P36*T36, IF(G36=(Prämie),P36*R36*T36,(P36*Q36-S36)*T36)) -> 0.131826 | V36: 0.004 | W36: =IF(G36=(Prämie), 0, U36*(1/(1-V36)-1)) -> 0.00052942169
... B39: 25 | C39: Guide | D39: 180 | G39: Stück (Kaufteil) | H39: EUR | I39: 0.0407 | J39: EUR | K39: 1 | O39: 0.038 | P39: =IF(G39=(Prämie),I39*K39,IF(G39=(MTZ),(I39*K39+L39+M39+N39)*(1+O39)+(O39*AA39*Z39),(I39*K39+L39+M39+N39)*(1+O39)+(O39*AA39))) -> 0.0422466 | T39: 1 | U39: =IF(OR(G39=(Kaufteil), G39=(MTZ)), P39*T39, IF(G39=(Prämie),P39*R39*T39,(P39*Q39-S39)*T39)) -> 0.0422466 | V39: 0.004 | W39: =IF(G39=(Prämie), 0, U39*(1/(1-V39)-1)) -> 0.00016966506
B40: 26 | C40: collar assy | D40: under 90 | G40: Stück (Kaufteil) | H40: EUR | I40: 0.04323 | J40: EUR | K40: 1 | O40: 0.038 | P40: =IF(G40=(Prämie),I40*K40,IF(G40=(MTZ),(I40*K40+L40+M40+N40)*(1+O40)+(O40*AA40*Z40),(I40*K40+L40+M40+N40)*(1+O40)+(O40*AA40))) -> 0.04487274 | T40: 3 | U40: =IF(OR(G40=(Kaufteil), G40=(MTZ)), P40*T40, IF(G40=(Prämie),P40*R40*T40,(P40*Q40-S40)*T40)) -> 0.13461822 | V40: 0.004 | W40: =IF(G40=(Prämie), 0, U40*(1/(1-V40)-1)) -> 0.00054063542
C41: basic switch | G41: Stück (Kaufteil) | I41: 0 | P41: =IF(G41=(Prämie),I41*K41,IF(G41=(MTZ),(I41*K41+L41+M41+N41)*(1+O41)+(O41*AA41*Z41),(I41*K41+L41+M41+N41)*(1+O41)+(O41*AA41))) -> 0 | U41: =IF(OR(G41=(Kaufteil), G41=(MTZ)), P41*T41, IF(G41=(Prämie),P41*R41*T41,(P41*Q41-S41)*T41)) -> 0 | W41: =IF(G41=(Prämie), 0, U41*(1/(1-V41)-1)) -> 0
B42: 30 | C42: Housing | D42: 10 | G42: Stück (Kaufteil) | H42: EUR | I42: 0.4895576 | J42: EUR | K42: 1 | O42: 0.038 | P42: =IF(G42=(Prämie),I42*K42,IF(G42=(MTZ),(I42*K42+L42+M42+N42)*(1+O42)+(O42*AA42*Z42),(I42*K42+L42+M42+N42)*(1+O42)+(O42*AA42))) -> 0.50816079 | T42: 1 | U42: =IF(OR(G42=(Kaufteil), G42=(MTZ)), P42*T42, IF(G42=(Prämie),P42*R42*T42,(P42*Q42-S42)*T42)) -> 0.50816079 | V42: 0.004 | W42: =IF(G42=(Prämie), 0, U42*(1/(1-V42)-1)) -> 0.0020408064
B43: 31 | C43: Driver blinker | D43: 20 | G43: Stück (Kaufteil) | H43: EUR | I43: 0.0484022 | J43: EUR | K43: 1 | O43: 0.038 | P43: =IF(G43=(Prämie),I43*K43,IF(G43=(MTZ),(I43*K43+L43+M43+N43)*(1+O43)+(O43*AA43*Z43),(I43*K43+L43+M43+N43)*(1+O43)+(O43*AA43))) -> 0.050241484 | T43: 1 | U43: =IF(OR(G43=(Kaufteil), G43=(MTZ)), P43*T43, IF(G43=(Prämie),P43*R43*T43,(P43*Q43-S43)*T43)) -> 0.050241484 | V43: 0.004 | W43: =IF(G43=(Prämie), 0, U43*(1/(1-V43)-1)) -> 0.00020177303
B44: 32 | C44: Electrical Plate | D44: in 20+30+50x2 | G44: Stück (Kaufteil) | H44: EUR | I44: 0.0686686 | J44: EUR | K44: 1 | O44: 0.038 | P44: =IF(G44=(Prämie),I44*K44,IF(G44=(MTZ),(I44*K44+L44+M44+N44)*(1+O44)+(O44*AA44*Z44),(I44*K44+L44+M44+N44)*(1+O44)+(O44*AA44))) -> 0.071278007 | T44: 4 | U44: =IF(OR(G44=(Kaufteil), G44=(MTZ)), P44*T44, IF(G44=(Prämie),P44*R44*T44,(P44*Q44-S44)*T44)) -> 0.28511203 | V44: 0.004 | W44: =IF(G44=(Prämie), 0, U44*(1/(1-V44)-1)) -> 0.0011450282
B45: 33 | C45: Driver wischer | D45: 30 | G45: Stück (Kaufteil) | H45: EUR | I45: 0.0539 | J45: EUR | K45: 1 | O45: 0.038 | P45: =IF(G45=(Prämie),I45*K45,IF(G45=(MTZ),(I45*K45+L45+M45+N45)*(1+O45)+(O45*AA45*Z45),(I45*K45+L45+M45+N45)*(1+O45)+(O45*AA45))) -> 0.0559482 | T45: 1 | U45: =IF(OR(G45=(Kaufteil), G45=(MTZ)), P45*T45, IF(G45=(Prämie),P45*R45*T45,(P45*Q45-S45)*T45)) -> 0.0559482 | V45: 0.004 | W45: =IF(G45=(Prämie), 0, U45*(1/(1-V45)-1)) -> 0.00022469157
B46: 34 | C46: Catch blinker | D46: TSC 10 | G46: Stück (Kaufteil) | H46: EUR | I46: 0.0439824 | J46: EUR | K46: 1 | O46: 0.038 | P46: =IF(G46=(Prämie),I46*K46,IF(G46=(MTZ),(I46*K46+L46+M46+N46)*(1+O46)+(O46*AA46*Z46),(I46*K46+L46+M46+N46)*(1+O46)+(O46*AA46))) -> 0.045653731 | T46: 1 | U46: =IF(OR(G46=(Kaufteil), G46=(MTZ)), P46*T46, IF(G46=(Prämie),P46*R46*T46,(P46*Q46-S46)*T46)) -> 0.045653731 | V46: 0.004 | W46: =IF(G46=(Prämie), 0, U46*(1/(1-V46)-1)) -> 0.00018334832
B47: 35 | C47: Slider | D47: 50 | G47: Stück (Kaufteil) | H47: EUR | I47: 0.0157388 | J47: EUR | K47: 1 | O47: 0.038 | P47: =IF(G47=(Prämie),I47*K47,IF(G47=(MTZ),(I47*K47+L47+M47+N47)*(1+O47)+(O47*AA47*Z47),(I47*K47+L47+M47+N47)*(1+O47)+(O47*AA47))) -> 0.016336874 | T47: 2 | U47: =IF(OR(G47=(Kaufteil), G47=(MTZ)), P47*T47, IF(G47=(Prämie),P47*R47*T47,(P47*Q47-S47)*T47)) -> 0.032673749 | V47: 0.004 | W47: =IF(G47=(Prämie), 0, U47*(1/(1-V47)-1)) -> 0.00013121987
B48: 36 | C48: Catch wischer | D48: 40 | G48: Stück (Kaufteil) | H48: EUR | I48: 0.0529298 | J48: EUR | K48: 1 | O48: 0.038 | P48: =IF(G48=(Prämie),I48*K48,IF(G48=(MTZ),(I48*K48+L48+M48+N48)*(1+O48)+(O48*AA48*Z48),(I48*K48+L48+M48+N48)*(1+O48)+(O48*AA48))) -> 0.054941132 | T48: 1 | U48: =IF(OR(G48=(Kaufteil), G48=(MTZ)), P48*T48, IF(G48=(Prämie),P48*R48*T48,(P48*Q48-S48)*T48)) -> 0.054941132 | V48: 0.004 | W48: =IF(G48=(Prämie), 0, U48*(1/(1-V48)-1)) -> 0.00022064712
B49: 37 | C49: Cam | D49: TSC 20 | G49: Stück (Kaufteil) | H49: EUR | I49: 0.0202664 | J49: EUR | K49: 1 | O49: 0.038 | P49: =IF(G49=(Prämie),I49*K49,IF(G49=(MTZ),(I49*K49+L49+M49+N49)*(1+O49)+(O49*AA49*Z49),(I49*K49+L49+M49+N49)*(1+O49)+(O49*AA49))) -> 0.021036523 | T49: 1 | U49: =IF(OR(G49=(Kaufteil), G49=(MTZ)), P49*T49, IF(G49=(Prämie),P49*R49*T49,(P49*Q49-S49)*T49)) -> 0.021036523 | V49: 0.004 | W49: =IF(G49=(Prämie), 0, U49*(1/(1-V49)-1)) -> 8.4484029e-05
B50: 38 | C50: Switching-parts | D50: TSC 30 | G50: Stück (Kaufteil) | H50: EUR | I50: 0.0198352 | J50: EUR | K50: 1 | O50: 0.038 | P50: =IF(G50=(Prämie),I50*K50,IF(G50=(MTZ),(I50*K50+L50+M50+N50)*(1+O50)+(O50*AA50*Z50),(I50*K50+L50+M50+N50)*(1+O50)+(O50*AA50))) -> 0.020588938 | T50: 1 | U50: =IF(OR(G50=(Kaufteil), G50=(MTZ)), P50*T50, IF(G50=(Prämie),P50*R50*T50,(P50*Q50-S50)*T50)) -> 0.020588938 | V50: 0.004 | W50: =IF(G50=(Prämie), 0, U50*(1/(1-V50)-1)) -> 8.2686496e-05
B51: 39 | C51: Spring | D51: TSC 40 | G51: Stück (Kaufteil) | H51: EUR | I51: 0.0066836 | J51: EUR | K51: 1 | O51: 0.038 | P51: =IF(G51=(Prämie),I51*K51,IF(G51=(MTZ),(I51*K51+L51+M51+N51)*(1+O51)+(O51*AA51*Z51),(I51*K51+L51+M51+N51)*(1+O51)+(O51*AA51))) -> 0.0069375768 | T51: 2 | U51: =IF(OR(G51=(Kaufteil), G51=(MTZ)), P51*T51, IF(G51=(Prämie),P51*R51*T51,(P51*Q51-S51)*T51)) -> 0.013875154 | V51: 0.004 | W51: =IF(G51=(Prämie), 0, U51*(1/(1-V51)-1)) -> 5.5723508e-05
B52: 40 | C52: Collar | D52: TSC 50 | G52: Stück (Kaufteil) | H52: EUR | I52: 0.00817124 | J52: EUR | K52: 1 | O52: 0.038 | P52: =IF(G52=(Prämie),I52*K52,IF(G52=(MTZ),(I52*K52+L52+M52+N52)*(1+O52)+(O52*AA52*Z52),(I52*K52+L52+M52+N52)*(1+O52)+(O52*AA52))) -> 0.0084817471 | T52: 1 | U52: =IF(OR(G52=(Kaufteil), G52=(MTZ)), P52*T52, IF(G52=(Prämie),P52*R52*T52,(P52*Q52-S52)*T52)) -> 0.0084817471 | V52: 0.004 | W52: =IF(G52=(Prämie), 0, U52*(1/(1-V52)-1)) -> 3.4063241e-05
B53: 41 | C53: Spring | D53: TSC 60 | G53: Stück (Kaufteil) | H53: EUR | I53: 0.003234 | J53: EUR | K53: 1 | O53: 0.038 | P53: =IF(G53=(Prämie),I53*K53,IF(G53=(MTZ),(I53*K53+L53+M53+N53)*(1+O53)+(O53*AA53*Z53),(I53*K53+L53+M53+N53)*(1+O53)+(O53*AA53))) -> 0.003356892 | T53: 1 | U53: =IF(OR(G53=(Kaufteil), G53=(MTZ)), P53*T53, IF(G53=(Prämie),P53*R53*T53,(P53*Q53-S53)*T53)) -> 0.003356892 | V53: 0.004 | W53: =IF(G53=(Prämie), 0, U53*(1/(1-V53)-1)) -> 1.3481494e-05
B54: 42 | C54: PCB Assy | D54: 70 | G54: Stück (Kaufteil) | H54: EUR | I54: 3.85 | J54: EUR | K54: 1 | O54: 0.038 | P54: =IF(G54=(Prämie),I54*K54,IF(G54=(MTZ),(I54*K54+L54+M54+N54)*(1+O54)+(O54*AA54*Z54),(I54*K54+L54+M54+N54)*(1+O54)+(O54*AA54))) -> 3.9963 | T54: 1 | U54: =IF(OR(G54=(Kaufteil), G54=(MTZ)), P54*T54, IF(G54=(Prämie),P54*R54*T54,(P54*Q54-S54)*T54)) -> 3.9963 | V54: 0.004 | W54: =IF(G54=(Prämie), 0, U54*(1/(1-V54)-1)) -> 0.016049398
B55: 43 | C55: Lever | D55: 80 | G55: Stück (Kaufteil) | H55: EUR | I55: 0.0287826 | J55: EUR | K55: 1 | O55: 0.038 | P55: =IF(G55=(Prämie),I55*K55,IF(G55=(MTZ),(I55*K55+L55+M55+N55)*(1+O55)+(O55*AA55*Z55),(I55*K55+L55+M55+N55)*(1+O55)+(O55*AA55))) -> 0.029876339 | T55: 1 | U55: =IF(OR(G55=(Kaufteil), G55=(MTZ)), P55*T55, IF(G55=(Prämie),P55*R55*T55,(P55*Q55-S55)*T55)) -> 0.029876339 | V55: 0.004 | W55: =IF(G55=(Prämie), 0, U55*(1/(1-V55)-1)) -> 0.0001199853
B56: 44 | C56: Cover | D56: 90 | G56: Stück (Kaufteil) | H56: EUR | I56: 0.3243702 | J56: EUR | K56: 1 | O56: 0.038 | P56: =IF(G56=(Prämie),I56*K56,IF(G56=(MTZ),(I56*K56+L56+M56+N56)*(1+O56)+(O56*AA56*Z56),(I56*K56+L56+M56+N56)*(1+O56)+(O56*AA56))) -> 0.33669627 | T56: 1 | U56: =IF(OR(G56=(Kaufteil), G56=(MTZ)), P56*T56, IF(G56=(Prämie),P56*R56*T56,(P56*Q56-S56)*T56)) -> 0.33669627 | V56: 0.004 | W56: =IF(G56=(Prämie), 0, U56*(1/(1-V56)-1)) -> 0.0013521938
B57: 45 | C57: SCREW ITX ST | D57: 100 | G57: Stück (Kaufteil) | H57: EUR | I57: 0.0103488 | J57: EUR | K57: 1 | O57: 0.038 | P57: =IF(G57=(Prämie),I57*K57,IF(G57=(MTZ),(I57*K57+L57+M57+N57)*(1+O57)+(O57*AA57*Z57),(I57*K57+L57+M57+N57)*(1+O57)+(O57*AA57))) -> 0.010742054 | T57: 6 | U57: =IF(OR(G57=(Kaufteil), G57=(MTZ)), P57*T57, IF(G57=(Prämie),P57*R57*T57,(P57*Q57-S57)*T57)) -> 0.064452326 | V57: 0.004 | W57: =IF(G57=(Prämie), 0, U57*(1/(1-V57)-1)) -> 0.00025884468
B58: 46 | C58: Identification Label | D58: 130 | G58: Stück (Kaufteil) | H58: EUR | I58: 0.0035574 | J58: EUR | K58: 1 | O58: 0.038 | P58: =IF(G58=(Prämie),I58*K58,IF(G58=(MTZ),(I58*K58+L58+M58+N58)*(1+O58)+(O58*AA58*Z58),(I58*K58+L58+M58+N58)*(1+O58)+(O58*AA58))) -> 0.0036925812 | T58: 1 | U58: =IF(OR(G58=(Kaufteil), G58=(MTZ)), P58*T58, IF(G58=(Prämie),P58*R58*T58,(P58*Q58-S58)*T58)) -> 0.0036925812 | V58: 0.004 | W58: =IF(G58=(Prämie), 0, U58*(1/(1-V58)-1)) -> 1.4829643e-05
C59: CS 4 Band | I59: 0 | P59: =IF(G59=(Prämie),I59*K59,IF(G59=(MTZ),(I59*K59+L59+M59+N59)*(1+O59)+(O59*AA59*Z59),(I59*K59+L59+M59+N59)*(1+O59)+(O59*AA59))) -> 0 | U59: =IF(OR(G59=(Kaufteil), G59=(MTZ)), P59*T59, IF(G59=(Prämie),P59*R59*T59,(P59*Q59-S59)*T59)) -> 0 | W59: =IF(G59=(Prämie), 0, U59*(1/(1-V59)-1)) -> 0
B60: 47 | C60: Connector Assy | D60: 10 | G60: Stück (Kaufteil) | H60: EUR | I60: 0.24673 | J60: EUR | K60: 1 | O60: 0.038 | P60: =IF(G60=(Prämie),I60*K60,IF(G60=(MTZ),(I60*K60+L60+M60+N60)*(1+O60)+(O60*AA60*Z60),(I60*K60+L60+M60+N60)*(1+O60)+(O60*AA60))) -> 0.25610574 | T60: 1 | U60: =IF(OR(G60=(Kaufteil), G60=(MTZ)), P60*T60, IF(G60=(Prämie),P60*R60*T60,(P60*Q60-S60)*T60)) -> 0.25610574 | V60: 0.004 | W60: =IF(G60=(Prämie), 0, U60*(1/(1-V60)-1)) -> 0.0010285371
B61: 48 | C61: Connector Assy | D61: 10 | G61: Stück (Kaufteil) | H61: EUR | I61: 0.24281 | J61: EUR | K61: 1 | O61: 0.038 | P61: =IF(G61=(Prämie),I61*K61,IF(G61=(MTZ),(I61*K61+L61+M61+N61)*(1+O61)+(O61*AA61*Z61),(I61*K61+L61+M61+N61)*(1+O61)+(O61*AA61))) -> 0.25203678 | T61: 1 | U61: =IF(OR(G61=(Kaufteil), G61=(MTZ)), P61*T61, IF(G61=(Prämie),P61*R61*T61,(P61*Q61-S61)*T61)) -> 0.25203678 | V61: 0.004 | W61: =IF(G61=(Prämie), 0, U61*(1/(1-V61)-1)) -> 0.0010121959
B62: 49 | C62: Actuator Cable | D62: 10 | G62: Stück (Kaufteil) | H62: EUR | I62: 0.38148 | J62: EUR | K62: 1 | O62: 0.038 | P62: =IF(G62=(Prämie),I62*K62,IF(G62=(MTZ),(I62*K62+L62+M62+N62)*(1+O62)+(O62*AA62*Z62),(I62*K62+L62+M62+N62)*(1+O62)+(O62*AA62))) -> 0.39597624 | T62: 2 | U62: =IF(OR(G62=(Kaufteil), G62=(MTZ)), P62*T62, IF(G62=(Prämie),P62*R62*T62,(P62*Q62-S62)*T62)) -> 0.79195248 | V62: 0.004 | W62: =IF(G62=(Prämie), 0, U62*(1/(1-V62)-1)) -> 0.003180532
B63: 50 | C63: Cable Assy | D63: 20 | G63: Stück (Kaufteil) | H63: EUR | I63: 0.36245 | J63: EUR | K63: 1 | O63: 0.038 | P63: =IF(G63=(Prämie),I63*K63,IF(G63=(MTZ),(I63*K63+L63+M63+N63)*(1+O63)+(O63*AA63*Z63),(I63*K63+L63+M63+N63)*(1+O63)+(O63*AA63))) -> 0.3762231 | T63: 1 | U63: =IF(OR(G63=(Kaufteil), G63=(MTZ)), P63*T63, IF(G63=(Prämie),P63*R63*T63,(P63*Q63-S63)*T63)) -> 0.3762231 | V63: 0.004 | W63: =IF(G63=(Prämie), 0, U63*(1/(1-V63)-1)) -> 0.0015109361
B64: 51 | C64: Connector Assy | D64: 20 | G64: Stück (Kaufteil) | H64: EUR | I64: 0.38805 | J64: EUR | K64: 1 | O64: 0.038 | P64: =IF(G64=(Prämie),I64*K64,IF(G64=(MTZ),(I64*K64+L64+M64+N64)*(1+O64)+(O64*AA64*Z64),(I64*K64+L64+M64+N64)*(1+O64)+(O64*AA64))) -> 0.4027959 | T64: 1 | U64: =IF(OR(G64=(Kaufteil), G64=(MTZ)), P64*T64, IF(G64=(Prämie),P64*R64*T64,(P64*Q64-S64)*T64)) -> 0.4027959 | V64: 0.004 | W64: =IF(G64=(Prämie), 0, U64*(1/(1-V64)-1)) -> 0.0016176542
B65: 52 | C65: Connector Assy | D65: 20 | G65: Stück (Kaufteil) | H65: EUR | I65: 0.38375 | J65: EUR | K65: 1 | O65: 0.038 | P65: =IF(G65=(Prämie),I65*K65,IF(G65=(MTZ),(I65*K65+L65+M65+N65)*(1+O65)+(O65*AA65*Z65),(I65*K65+L65+M65+N65)*(1+O65)+(O65*AA65))) -> 0.3983325 | T65: 1 | U65: =IF(OR(G65=(Kaufteil), G65=(MTZ)), P65*T65, IF(G65=(Prämie),P65*R65*T65,(P65*Q65-S65)*T65)) -> 0.3983325 | V65: 0.004 | W65: =IF(G65=(Prämie), 0, U65*(1/(1-V65)-1)) -> 0.0015997289
B66: 53 | C66: Cable Assy | D66: 30 | G66: Stück (Kaufteil) | H66: EUR | I66: 0.36751 | J66: EUR | K66: 1 | O66: 0.038 | P66: =IF(G66=(Prämie),I66*K66,IF(G66=(MTZ),(I66*K66+L66+M66+N66)*(1+O66)+(O66*AA66*Z66),(I66*K66+L66+M66+N66)*(1+O66)+(O66*AA66))) -> 0.38147538 | T66: 1 | U66: =IF(OR(G66=(Kaufteil), G66=(MTZ)), P66*T66, IF(G66=(Prämie),P66*R66*T66,(P66*Q66-S66)*T66)) -> 0.38147538 | V66: 0.004 | W66: =IF(G66=(Prämie), 0, U66*(1/(1-V66)-1)) -> 0.0015320296
B67: 54 | C67: Connector Assy | D67: 30 | G67: Stück (Kaufteil) | H67: EUR | I67: 0.24024 | J67: EUR | K67: 1 | O67: 0.038 | P67: =IF(G67=(Prämie),I67*K67,IF(G67=(MTZ),(I67*K67+L67+M67+N67)*(1+O67)+(O67*AA67*Z67),(I67*K67+L67+M67+N67)*(1+O67)+(O67*AA67))) -> 0.24936912 | T67: 1 | U67: =IF(OR(G67=(Kaufteil), G67=(MTZ)), P67*T67, IF(G67=(Prämie),P67*R67*T67,(P67*Q67-S67)*T67)) -> 0.24936912 | V67: 0.004 | W67: =IF(G67=(Prämie), 0, U67*(1/(1-V67)-1)) -> 0.0010014824
B68: 55 | C68: Connector Assy | D68: 30 | G68: Stück (Kaufteil) | H68: EUR | I68: 0.25231 | J68: EUR | K68: 1 | O68: 0.038 | P68: =IF(G68=(Prämie),I68*K68,IF(G68=(MTZ),(I68*K68+L68+M68+N68)*(1+O68)+(O68*AA68*Z68),(I68*K68+L68+M68+N68)*(1+O68)+(O68*AA68))) -> 0.26189778 | T68: 1 | U68: =IF(OR(G68=(Kaufteil), G68=(MTZ)), P68*T68, IF(G68=(Prämie),P68*R68*T68,(P68*Q68-S68)*T68)) -> 0.26189778 | V68: 0.004 | W68: =IF(G68=(Prämie), 0, U68*(1/(1-V68)-1)) -> 0.0010517983
B69: 56 | C69: Actuator Cable | D69: 30 | G69: Stück (Kaufteil) | H69: EUR | I69: 0.25751 | J69: EUR | K69: 1 | O69: 0.038 | P69: =IF(G69=(Prämie),I69*K69,IF(G69=(MTZ),(I69*K69+L69+M69+N69)*(1+O69)+(O69*AA69*Z69),(I69*K69+L69+M69+N69)*(1+O69)+(O69*AA69))) -> 0.26729538 | T69: 1 | U69: =IF(OR(G69=(Kaufteil), G69=(MTZ)), P69*T69, IF(G69=(Prämie),P69*R69*T69,(P69*Q69-S69)*T69)) -> 0.26729538 | V69: 0.004 | W69: =IF(G69=(Prämie), 0, U69*(1/(1-V69)-1)) -> 0.0010734754
B70: 57 | C70: Cover | D70: 40 | G70: Stück (Kaufteil) | H70: EUR | I70: 0.14069 | J70: EUR | K70: 1 | O70: 0.038 | P70: =IF(G70=(Prämie),I70*K70,IF(G70=(MTZ),(I70*K70+L70+M70+N70)*(1+O70)+(O70*AA70*Z70),(I70*K70+L70+M70+N70)*(1+O70)+(O70*AA70))) -> 0.14603622 | T70: 1 | U70: =IF(OR(G70=(Kaufteil), G70=(MTZ)), P70*T70, IF(G70=(Prämie),P70*R70*T70,(P70*Q70-S70)*T70)) -> 0.14603622 | V70: 0.004 | W70: =IF(G70=(Prämie), 0, U70*(1/(1-V70)-1)) -> 0.00058649084
B71: 58 | C71: Housing | D71: 50 | G71: Stück (Kaufteil) | H71: EUR | I71: 0.28061 | J71: EUR | K71: 1 | O71: 0.038 | P71: =IF(G71=(Prämie),I71*K71,IF(G71=(MTZ),(I71*K71+L71+M71+N71)*(1+O71)+(O71*AA71*Z71),(I71*K71+L71+M71+N71)*(1+O71)+(O71*AA71))) -> 0.29127318 | T71: 1 | U71: =IF(OR(G71=(Kaufteil), G71=(MTZ)), P71*T71, IF(G71=(Prämie),P71*R71*T71,(P71*Q71-S71)*T71)) -> 0.29127318 | V71: 0.004 | W71: =IF(G71=(Prämie), 0, U71*(1/(1-V71)-1)) -> 0.0011697718
B72: 59 | C72: Housing | D72: 60 | G72: Stück (Kaufteil) | H72: EUR | I72: 0.13387 | J72: EUR | K72: 1 | O72: 0.038 | P72: =IF(G72=(Prämie),I72*K72,IF(G72=(MTZ),(I72*K72+L72+M72+N72)*(1+O72)+(O72*AA72*Z72),(I72*K72+L72+M72+N72)*(1+O72)+(O72*AA72))) -> 0.13895706 | T72: 1 | U72: =IF(OR(G72=(Kaufteil), G72=(MTZ)), P72*T72, IF(G72=(Prämie),P72*R72*T72,(P72*Q72-S72)*T72)) -> 0.13895706 | V72: 0.004 | W72: =IF(G72=(Prämie), 0, U72*(1/(1-V72)-1)) -> 0.00055806048
B73: 60 | C73: Foils | D73: on 60 | G73: Stück (Kaufteil) | H73: EUR | I73: 0.006424 | J73: EUR | K73: 1 | O73: 0.038 | P73: =IF(G73=(Prämie),I73*K73,IF(G73=(MTZ),(I73*K73+L73+M73+N73)*(1+O73)+(O73*AA73*Z73),(I73*K73+L73+M73+N73)*(1+O73)+(O73*AA73))) -> 0.006668112 | T73: 1 | U73: =IF(OR(G73=(Kaufteil), G73=(MTZ)), P73*T73, IF(G73=(Prämie),P73*R73*T73,(P73*Q73-S73)*T73)) -> 0.006668112 | V73: 0.004 | W73: =IF(G73=(Prämie), 0, U73*(1/(1-V73)-1)) -> 2.6779566e-05
B74: 61 | C74: Identification Label | D74: 70 | G74: Stück (Kaufteil) | H74: EUR | I74: 0.00352 | J74: EUR | K74: 1 | O74: 0.038 | P74: =IF(G74=(Prämie),I74*K74,IF(G74=(MTZ),(I74*K74+L74+M74+N74)*(1+O74)+(O74*AA74*Z74),(I74*K74+L74+M74+N74)*(1+O74)+(O74*AA74))) -> 0.00365376 | T74: 1 | U74: =IF(OR(G74=(Kaufteil), G74=(MTZ)), P74*T74, IF(G74=(Prämie),P74*R74*T74,(P74*Q74-S74)*T74)) -> 0.00365376 | V74: 0.004 | W74: =IF(G74=(Prämie), 0, U74*(1/(1-V74)-1)) -> 1.4673735e-05
B75: 62 | C75: Hub | D75: 80 | G75: Stück (Kaufteil) | H75: EUR | I75: 0.10681 | J75: EUR | K75: 1 | O75: 0.038 | P75: =IF(G75=(Prämie),I75*K75,IF(G75=(MTZ),(I75*K75+L75+M75+N75)*(1+O75)+(O75*AA75*Z75),(I75*K75+L75+M75+N75)*(1+O75)+(O75*AA75))) -> 0.11086878 | T75: 1 | U75: =IF(OR(G75=(Kaufteil), G75=(MTZ)), P75*T75, IF(G75=(Prämie),P75*R75*T75,(P75*Q75-S75)*T75)) -> 0.11086878 | V75: 0.004 | W75: =IF(G75=(Prämie), 0, U75*(1/(1-V75)-1)) -> 0.00044525614
B76: 63 | C76: Fuse | D76: 100 | G76: Stück (Kaufteil) | H76: EUR | I76: 0.03619 | J76: EUR | K76: 1 | O76: 0.038 | P76: =IF(G76=(Prämie),I76*K76,IF(G76=(MTZ),(I76*K76+L76+M76+N76)*(1+O76)+(O76*AA76*Z76),(I76*K76+L76+M76+N76)*(1+O76)+(O76*AA76))) -> 0.03756522 | S76: 0 | T76: 1 | U76: =IF(OR(G76=(Kaufteil), G76=(MTZ)), P76*T76, IF(G76=(Prämie),P76*R76*T76,(P76*Q76-S76)*T76)) -> 0.03756522 | V76: 0.004 | W76: =IF(G76=(Prämie), 0, U76*(1/(1-V76)-1)) -> 0.00015086434
P77: =IF(G77=(Prämie),I77*K77,IF(G77=(MTZ),(I77*K77+L77+M77+N77)*(1+O77)+(O77*AA77*Z77),(I77*K77+L77+M77+N77)*(1+O77)+(O77*AA77))) -> 0 | S77: 0 | U77: =IF(OR(G77=(Kaufteil), G77=(MTZ)), P77*T77, IF(G77=(Prämie),P77*R77*T77,(P77*Q77-S77)*T77)) -> 0 | W77: =IF(G77=(Prämie), 0, U77*(1/(1-V77)-1)) -> 0
L78: =SUM(L14:L77) -> 0
B79: Summen | L79: Verpackung | M79: Transport | N79: Zoll | O79: MGK | U79: Material | W79: Ausschuss
K80: =Zusammenfassung!$C$26 -> EUR | L80: =SUMIF(INDIRECT("$J12:$J"&EndZMaterials), $K80,INDIRECT("AD12:AD"&EndZMaterials)) -> 0 | M80: =SUMIF(INDIRECT("$J12:$J"&EndZMaterials), $K80,INDIRECT("AE12:AE"&EndZMaterials)) -> 0 | N80: =SUMIF(INDIRECT("$J12:$J"&EndZMaterials), $K80,INDIRECT("AF12:AF"&EndZMaterials)) -> 0 | O80: =SUMIF(INDIRECT("$J12:$J"&EndZMaterials), $K80,INDIRECT("AG12:AG"&EndZMaterials)) -> 0 | U80: =SUMIF(INDIRECT("$J12:$J"&EndZMaterials), $K80,INDIRECT("U12:U"&EndZMaterials)) -> 13.687852 | W80: =SUMIF(INDIRECT("$J12:$J"&EndZMaterials), $K80,INDIRECT("W12:W"&EndZMaterials)) -> 0.054971292
K81: =Zusammenfassung!$C$27 -> 0 | L81: =SUMIF(INDIRECT("$J12:$J"&EndZMaterials), $K81,INDIRECT("AD12:AD"&EndZMaterials)) -> 0 | M81: =SUMIF(INDIRECT("$J12:$J"&EndZMaterials), $K81,INDIRECT("AE12:AE"&EndZMaterials)) -> 0 | N81: =SUMIF(INDIRECT("$J12:$J"&EndZMaterials), $K81,INDIRECT("AF12:AF"&EndZMaterials)) -> 0 | O81: =SUMIF(INDIRECT("$J12:$J"&EndZMaterials), $K81,INDIRECT("AG12:AG"&EndZMaterials)) -> 0 | U81: =SUMIF(INDIRECT("$J12:$J"&EndZMaterials), $K81,INDIRECT("U12:U"&EndZMaterials)) -> 0 | W81: =SUMIF(INDIRECT("$J12:$J"&EndZMaterials), $K81,INDIRECT("W12:W"&EndZMaterials)) -> 0
B82: Zusätzliche Zeile: Leerzeile kopieren und vor letzter Zeile einfügen | K82: =Zusammenfassung!$C$28 -> 0 | L82: =SUMIF(INDIRECT("$J12:$J"&EndZMaterials), $K82,INDIRECT("AD12:AD"&EndZMaterials)) -> 0 | M82: =SUMIF(INDIRECT("$J12:$J"&EndZMaterials), $K82,INDIRECT("AE12:AE"&EndZMaterials)) -> 0 | N82: =SUMIF(INDIRECT("$J12:$J"&EndZMaterials), $K82,INDIRECT("AF12:AF"&EndZMaterials)) -> 0 | O82: =SUMIF(INDIRECT("$J12:$J"&EndZMaterials), $K82,INDIRECT("AG12:AG"&EndZMaterials)) -> 0 | U82: =SUMIF(INDIRECT("$J12:$J"&EndZMaterials), $K82,INDIRECT("U12:U"&EndZMaterials)) -> 0 | W82: =SUMIF(INDIRECT("$J12:$J"&EndZMaterials), $K82,INDIRECT("W12:W"&EndZMaterials)) -> 0

Sheet Fertigungskosten
A1: 2 | B1: 5 | C1: 12 | D1: 25 | E1: 15 | F1: 15 | G1: 5 | H1: 7.5 | I1: 7.5 | J1: 7.5 | K1: 10 | L1: 7.5 | M1: 10 | O1: 10 | P1: 10 | Q1: 10 | R1: 5 | S1: 7.5 | T1: 5 | U1: 10 | V1: 7.5 | W1: 10 | X1: 2
B2: BMW Group | F2: QUOTATION ANALYSIS FORM | Q2: Hilfe und Dokumentation | U2: b2b.bmw.com
B3: VERTRAULICH | F3: 2. Fertigungskosten | Q3: (siehe Nutzerleitfaden QAF Version 8.3)
B4: =Zusammenfassung!B4 -> QAF Version 8.3.02.02 © BMW AG
B5: Bearbeiter: | D5: =Zusammenfassung!$C5 -> Valeo | F5: Anbieter/Lieferant: | I5: =Zusammenfassung!$I5 -> Valeo | P5: Teilebenennung: | R5: =Zusammenfassung!$M5 -> SZL
B6: E-Mail: | D6: =HYPERLINK(CONCATENATE("mailto:",Zusammenfassung!C6),Zusammenfassung!C6) -> ulrich.wiedl@valeo.com | F6: BMW Lieferanten-Nr.: | I6: =Zusammenfassung!$I6 -> 16129510 | P6: Änderungsindex (AI): | R6: =Zusammenfassung!$M6 -> 0
B7: Telefon: | D7: =Zusammenfassung!$C7 -> 07142 916 2143 | F7: BMW Projekt: | I7: =Zusammenfassung!$I7 -> 35up | P7: Anfragenr. / Version: | R7: =Zusammenfassung!$M7 -> Zum Angebot vom 11.05.2016
B8: Angebotsdatum: | D8: =Zusammenfassung!$C8 -> 42513 | F8: BMW Sachnummer: | I8: =Zusammenfassung!$I8 -> 0 | P8: Variante: | R8: =Zusammenfassung!$M8 -> SZL 4-Band mit AIC mit FLA mit Heckwischen
D10: Beschreibung | K10: Angaben in Beschaffungswährung | S10: Angaben in Angebotswährung | Z10: Angaben in Angebotswährung
B11: Positionsnummer Fertigungsschritt | C11: Teilebenennung | D11: Prozessbezeichnung | E11: Bezeichnung Anlage/Maschine/Typ | F11: Standort | G11: Beschaffungswährung BW | H11: Zykluszeit [s] | I11: Teile pro Zyklus | J11: Anzahl direkte Mitarbeiter | K11: Direkter Lohn [BW/h] | L11: Sozialgemeinkosten SGK [%] | M11: Maschinenstundensatz MSS [BW/h] | N11: Rüstkosten pro Stück [BW] | O11: Fertigungseinzelkosten FEK [BW] | P11: Restfertigungsgemeinkosten (RFGK) Stundensatz [BW/h] | Q11: Fertigungskosten FK [BW] | R11: Angebotswährung AW | S11: Wechselkurs [AW/BW] | T11: Anzahl pro Angebotsteil | U11: Fertigungskosten FK [AW] | V11: Ausschuss pro Prozessschritt [%] | W11: Ausschusskosten Fertigung [AW] | Y11: Personalkosten Angebot [AW] | Z11: Maschinenkosten Angebot [AW] | AA11: Rüstkosten [AW] | AB11: Fertigungseinzel- kosten Angebot [AW] | AC11: Restfertigungsgemein- kosten Angebot [AW]
O12: =IF(I12>0, ((J12*K12*(1+L12) + M12)*H12/I12/3600)+N12, 0) -> 0 | Q12: =IF(I12>0,((J12*K12*(1+L12) + M12+ P12)*H12/I12/3600)+N12, 0) -> 0 | U12: =Q12*S12*T12 -> 0 | W12: =U12*(1/(1-V12)-1) -> 0 | Y12: =IF(I12>0, J12*K12*(L12+1)*H12/I12/3600*S12*T12, 0) -> 0 | Z12: =IF(I12>0, M12*H12/I12/3600*S12*T12, 0) -> 0 | AA12: =IF(I12>0,N12*S12*T12,"") | AB12: =O12*S12*T12 -> 0 | AC12: =IF(I12>0, P12*H12/I12/3600*S12*T12, 0) -> 0
B13: 1 | C13: Endmontage, Basic switch Montage, TSC Montage, CoS Montage | D13: halbautomatisch | F13: Veszprém | G13: EUR | O13: 0 | Q13: 0 | R13: EUR | S13: 1 | T13: 1 | U13: 0.94 | V13: 0.004 | W13: =U13*(1/(1-V13)-1) -> 0.0037751004 | Y13: =IF(I13>0, J13*K13*(L13+1)*H13/I13/3600*S13*T13, 0) -> 0 | Z13: =IF(I13>0, M13*H13/I13/3600*S13*T13, 0) -> 0 | AA13: =IF(I13>0,N13*S13*T13,"") | AB13: =O13*S13*T13 -> 0 | AC13: =IF(I13>0, P13*H13/I13/3600*S13*T13, 0) -> 0
B14: 2 | C14: Zus.Leitungsmodul 4-Band | D14: halbautomatisch | F14: Veszprém | G14: EUR | O14: 0 | Q14: 0 | R14: EUR | S14: 1 | T14: 1 | U14: 0.9 | V14: 0.004 | W14: =U14*(1/(1-V14)-1) -> 0.0036144578 | Y14: =IF(I14>0, J14*K14*(L14+1)*H14/I14/3600*S14*T14, 0) -> 0 | Z14: =IF(I14>0, M14*H14/I14/3600*S14*T14, 0) -> 0 | AA14: =IF(I14>0,N14*S14*T14,"") | AB14: =O14*S14*T14 -> 0 | AC14: =IF(I14>0, P14*H14/I14/3600*S14*T14, 0) -> 0
B15: 3 | C15: Blinekr Lever Montage incl. Test | D15: handarbeit | F15: Ben Arous | G15: EUR | R15: EUR | S15: 1 | T15: 1 | U15: 0.52 | V15: 0.004 | W15: =U15*(1/(1-V15)-1) -> 0.0020883534 | Y15: =IF(I15>0, J15*K15*(L15+1)*H15/I15/3600*S15*T15, 0) -> 0 | Z15: =IF(I15>0, M15*H15/I15/3600*S15*T15, 0) -> 0 | AA15: =IF(I15>0,N15*S15*T15,"") | AB15: =O15*S15*T15 -> 0 | AC15: =IF(I15>0, P15*H15/I15/3600*S15*T15, 0) -> 0
B16: 4 | C16: Wischer Lever Montage incl. Test | D16: handarbeit | F16: Ben Arous | G16: EUR | O16: =IF(I16>0, ((J16*K16*(1+L16) + M16)*H16/I16/3600)+N16, 0) -> 0 | Q16: =IF(I16>0,((J16*K16*(1+L16) + M16+ P16)*H16/I16/3600)+N16, 0) -> 0 | R16: EUR | S16: 1 | T16: 1 | U16: 0.56 | V16: 0.004 | W16: =U16*(1/(1-V16)-1) -> 0.002248996 | Y16: =IF(I16>0, J16*K16*(L16+1)*H16/I16/3600*S16*T16, 0) -> 0 | Z16: =IF(I16>0, M16*H16/I16/3600*S16*T16, 0) -> 0 | AA16: =IF(I16>0,N16*S16*T16,"") | AB16: =O16*S16*T16 -> 0 | AC16: =IF(I16>0, P16*H16/I16/3600*S16*T16, 0) -> 0
Y17: =IF(I17>0, J17*K17*(L17+1)*H17/I17/3600*S17*T17, 0) -> 0 | Z17: =IF(I17>0, M17*H17/I17/3600*S17*T17, 0) -> 0 | AA17: =IF(I17>0,N17*S17*T17,"") | AB17: =O17*S17*T17 -> 0 | AC17: =IF(I17>0, P17*H17/I17/3600*S17*T17, 0) -> 0
Y18: =IF(I18>0, J18*K18*(L18+1)*H18/I18/3600*S18*T18, 0) -> 0 | Z18: =IF(I18>0, M18*H18/I18/3600*S18*T18, 0) -> 0 | AA18: =IF(I18>0,N18*S18*T18,"") | AB18: =O18*S18*T18 -> 0 | AC18: =IF(I18>0, P18*H18/I18/3600*S18*T18, 0) -> 0
Y19: =IF(I19>0, J19*K19*(L19+1)*H19/I19/3600*S19*T19, 0) -> 0 | Z19: =IF(I19>0, M19*H19/I19/3600*S19*T19, 0) -> 0 | AA19: =IF(I19>0,N19*S19*T19,"") | AB19: =O19*S19*T19 -> 0 | AC19: =IF(I19>0, P19*H19/I19/3600*S19*T19, 0) -> 0
O20: =IF(I20>0, ((J20*K20*(1+L20) + M20)*H20/I20/3600)+N20, 0) -> 0 | Q20: =IF(I20>0,((J20*K20*(1+L20) + M20+ P20)*H20/I20/3600)+N20, 0) -> 0 | U20: =Q20*S20*T20 -> 0 | W20: =U20*(1/(1-V20)-1) -> 0 | Y20: =IF(I20>0, J20*K20*(L20+1)*H20/I20/3600*S20*T20, 0) -> 0 | Z20: =IF(I20>0, M20*H20/I20/3600*S20*T20, 0) -> 0 | AA20: =IF(I20>0,N20*S20*T20,"") | AB20: =O20*S20*T20 -> 0 | AC20: =IF(I20>0, P20*H20/I20/3600*S20*T20, 0) -> 0
O21: =IF(I21>0, ((J21*K21*(1+L21) + M21)*H21/I21/3600)+N21, 0) -> 0 | Q21: =IF(I21>0,((J21*K21*(1+L21) + M21+ P21)*H21/I21/3600)+N21, 0) -> 0 | U21: =Q21*S21*T21 -> 0 | W21: =U21*(1/(1-V21)-1) -> 0 | Y21: =IF(I21>0, J21*K21*(L21+1)*H21/I21/3600*S21*T21, 0) -> 0 | Z21: =IF(I21>0, M21*H21/I21/3600*S21*T21, 0) -> 0 | AA21: =IF(I21>0,N21*S21*T21,"") | AB21: =O21*S21*T21 -> 0 | AC21: =IF(I21>0, P21*H21/I21/3600*S21*T21, 0) -> 0
O22: =IF(I22>0, ((J22*K22*(1+L22) + M22)*H22/I22/3600)+N22, 0) -> 0 | Q22: =IF(I22>0,((J22*K22*(1+L22) + M22+ P22)*H22/I22/3600)+N22, 0) -> 0 | U22: =Q22*S22*T22 -> 0 | W22: =U22*(1/(1-V22)-1) -> 0 | Y22: =IF(I22>0, J22*K22*(L22+1)*H22/I22/3600*S22*T22, 0) -> 0 | Z22: =IF(I22>0, M22*H22/I22/3600*S22*T22, 0) -> 0 | AA22: =IF(I22>0,N22*S22*T22,"") | AB22: =O22*S22*T22 -> 0 | AC22: =IF(I22>0, P22*H22/I22/3600*S22*T22, 0) -> 0
O23: =IF(I23>0, ((J23*K23*(1+L23) + M23)*H23/I23/3600)+N23, 0) -> 0 | Q23: =IF(I23>0,((J23*K23*(1+L23) + M23+ P23)*H23/I23/3600)+N23, 0) -> 0 | U23: =Q23*S23*T23 -> 0 | W23: =U23*(1/(1-V23)-1) -> 0 | Y23: =IF(I23>0, J23*K23*(L23+1)*H23/I23/3600*S23*T23, 0) -> 0 | Z23: =IF(I23>0, M23*H23/I23/3600*S23*T23, 0) -> 0 | AA23: =IF(I23>0,N23*S23*T23,"") | AB23: =O23*S23*T23 -> 0 | AC23: =IF(I23>0, P23*H23/I23/3600*S23*T23, 0) -> 0
O24: =IF(I24>0, ((J24*K24*(1+L24) + M24)*H24/I24/3600)+N24, 0) -> 0 | Q24: =IF(I24>0,((J24*K24*(1+L24) + M24+ P24)*H24/I24/3600)+N24, 0) -> 0 | U24: =Q24*S24*T24 -> 0 | W24: =U24*(1/(1-V24)-1) -> 0 | Y24: =IF(I24>0, J24*K24*(L24+1)*H24/I24/3600*S24*T24, 0) -> 0 | Z24: =IF(I24>0, M24*H24/I24/3600*S24*T24, 0) -> 0 | AA24: =IF(I24>0,N24*S24*T24,"") | AB24: =O24*S24*T24 -> 0 | AC24: =IF(I24>0, P24*H24/I24/3600*S24*T24, 0) -> 0
O25: =IF(I25>0, ((J25*K25*(1+L25) + M25)*H25/I25/3600)+N25, 0) -> 0 | Q25: =IF(I25>0,((J25*K25*(1+L25) + M25+ P25)*H25/I25/3600)+N25, 0) -> 0 | U25: =Q25*S25*T25 -> 0 | W25: =U25*(1/(1-V25)-1) -> 0 | Y25: =IF(I25>0, J25*K25*(L25+1)*H25/I25/3600*S25*T25, 0) -> 0 | Z25: =IF(I25>0, M25*H25/I25/3600*S25*T25, 0) -> 0 | AA25: =IF(I25>0,N25*S25*T25,"") | AB25: =O25*S25*T25 -> 0 | AC25: =IF(I25>0, P25*H25/I25/3600*S25*T25, 0) -> 0
O26: =IF(I26>0, ((J26*K26*(1+L26) + M26)*H26/I26/3600)+N26, 0) -> 0 | Q26: =IF(I26>0,((J26*K26*(1+L26) + M26+ P26)*H26/I26/3600)+N26, 0) -> 0 | U26: =Q26*S26*T26 -> 0 | W26: =U26*(1/(1-V26)-1) -> 0 | Y26: =IF(I26>0, J26*K26*(L26+1)*H26/I26/3600*S26*T26, 0) -> 0 | Z26: =IF(I26>0, M26*H26/I26/3600*S26*T26, 0) -> 0 | AA26: =IF(I26>0,N26*S26*T26,"") | AB26: =O26*S26*T26 -> 0 | AC26: =IF(I26>0, P26*H26/I26/3600*S26*T26, 0) -> 0
O27: =IF(I27>0, ((J27*K27*(1+L27) + M27)*H27/I27/3600)+N27, 0) -> 0 | Q27: =IF(I27>0,((J27*K27*(1+L27) + M27+ P27)*H27/I27/3600)+N27, 0) -> 0 | U27: =Q27*S27*T27 -> 0 | W27: =U27*(1/(1-V27)-1) -> 0 | Y27: =IF(I27>0, J27*K27*(L27+1)*H27/I27/3600*S27*T27, 0) -> 0 | Z27: =IF(I27>0, M27*H27/I27/3600*S27*T27, 0) -> 0 | AA27: =IF(I27>0,N27*S27*T27,"") | AB27: =O27*S27*T27 -> 0 | AC27: =IF(I27>0, P27*H27/I27/3600*S27*T27, 0) -> 0
O28: =IF(I28>0, ((J28*K28*(1+L28) + M28)*H28/I28/3600)+N28, 0) -> 0 | Q28: =IF(I28>0,((J28*K28*(1+L28) + M28+ P28)*H28/I28/3600)+N28, 0) -> 0 | U28: =Q28*S28*T28 -> 0 | W28: =U28*(1/(1-V28)-1) -> 0 | Y28: =IF(I28>0, J28*K28*(L28+1)*H28/I28/3600*S28*T28, 0) -> 0 | Z28: =IF(I28>0, M28*H28/I28/3600*S28*T28, 0) -> 0 | AA28: =IF(I28>0,N28*S28*T28,"") | AB28: =O28*S28*T28 -> 0 | AC28: =IF(I28>0, P28*H28/I28/3600*S28*T28, 0) -> 0
O29: =IF(I29>0, ((J29*K29*(1+L29) + M29)*H29/I29/3600)+N29, 0) -> 0 | Q29: =IF(I29>0,((J29*K29*(1+L29) + M29+ P29)*H29/I29/3600)+N29, 0) -> 0 | U29: =Q29*S29*T29 -> 0 | W29: =U29*(1/(1-V29)-1) -> 0 | Y29: =IF(I29>0, J29*K29*(L29+1)*H29/I29/3600*S29*T29, 0) -> 0 | Z29: =IF(I29>0, M29*H29/I29/3600*S29*T29, 0) -> 0 | AA29: =IF(I29>0,N29*S29*T29,"") | AB29: =O29*S29*T29 -> 0 | AC29: =IF(I29>0, P29*H29/I29/3600*S29*T29, 0) -> 0
O30: =IF(I30>0, ((J30*K30*(1+L30) + M30)*H30/I30/3600)+N30, 0) -> 0 | Q30: =IF(I30>0,((J30*K30*(1+L30) + M30+ P30)*H30/I30/3600)+N30, 0) -> 0 | U30: =Q30*S30*T30 -> 0 | W30: =U30*(1/(1-V30)-1) -> 0 | Y30: =IF(I30>0, J30*K30*(L30+1)*H30/I30/3600*S30*T30, 0) -> 0 | Z30: =IF(I30>0, M30*H30/I30/3600*S30*T30, 0) -> 0 | AA30: =IF(I30>0,N30*S30*T30,"") | AB30: =O30*S30*T30 -> 0 | AC30: =IF(I30>0, P30*H30/I30/3600*S30*T30, 0) -> 0
O31: =IF(I31>0, ((J31*K31*(1+L31) + M31)*H31/I31/3600)+N31, 0) -> 0 | Q31: =IF(I31>0,((J31*K31*(1+L31) + M31+ P31)*H31/I31/3600)+N31, 0) -> 0 | U31: =Q31*S31*T31 -> 0 | W31: =U31*(1/(1-V31)-1) -> 0 | Y31: =IF(I31>0, J31*K31*(L31+1)*H31/I31/3600*S31*T31, 0) -> 0 | Z31: =IF(I31>0, M31*H31/I31/3600*S31*T31, 0) -> 0 | AA31: =IF(I31>0,N31*S31*T31,"") | AB31: =O31*S31*T31 -> 0 | AC31: =IF(I31>0, P31*H31/I31/3600*S31*T31, 0) -> 0
... O34: =IF(I34>0, ((J34*K34*(1+L34) + M34)*H34/I34/3600)+N34, 0) -> 0 | Q34: =IF(I34>0,((J34*K34*(1+L34) + M34+ P34)*H34/I34/3600)+N34, 0) -> 0 | U34: =Q34*S34*T34 -> 0 | W34: =U34*(1/(1-V34)-1) -> 0 | Y34: =IF(I34>0, J34*K34*(L34+1)*H34/I34/3600*S34*T34, 0) -> 0 | Z34: =IF(I34>0, M34*H34/I34/3600*S34*T34, 0) -> 0 | AA34: =IF(I34>0,N34*S34*T34,"") | AB34: =O34*S34*T34 -> 0 | AC34: =IF(I34>0, P34*H34/I34/3600*S34*T34, 0) -> 0
B36: Summen | N36: Rüsten | O36: FEK | P36: RFGK | U36: Fertigung | W36: Ausschuss
K37: =Zusammenfassung!$C$26 -> EUR | N37: =SUMIF(INDIRECT("$R12:$R"&EndZProcesses),$K37,INDIRECT("AA12:AA"&EndZProcesses)) -> 0 | O37: =SUMIF(INDIRECT("$R12:$R"&EndZProcesses),$K37,INDIRECT("AB12:AB"&EndZProcesses)) -> 0 | P37: =SUMIF(INDIRECT("$R12:$R"&EndZProcesses),$K37,INDIRECT("AC12:AC"&EndZProcesses)) -> 0 | U37: =SUMIF(INDIRECT("$R12:$R"&EndZProcesses),$K37,INDIRECT("U12:U"&EndZProcesses)) -> 2.92 | W37: =SUMIF(INDIRECT("$R12:$R"&EndZProcesses),$K37,INDIRECT("W12:W"&EndZProcesses)) -> 0.011726908
K38: =Zusammenfassung!$C$27 -> 0 | N38: =SUMIF(INDIRECT("$R12:$R"&EndZProcesses),$K38,INDIRECT("AA12:AA"&EndZProcesses)) -> 0 | O38: =SUMIF(INDIRECT("$R12:$R"&EndZProcesses),$K38,INDIRECT("AB12:AB"&EndZProcesses)) -> 0 | P38: =SUMIF(INDIRECT("$R12:$R"&EndZProcesses),$K38,INDIRECT("AC12:AC"&EndZProcesses)) -> 0 | U38: =SUMIF(INDIRECT("$R12:$R"&EndZProcesses),$K38,INDIRECT("U12:U"&EndZProcesses)) -> 0 | W38: =SUMIF(INDIRECT("$R12:$R"&EndZProcesses),$K38,INDIRECT("W12:W"&EndZProcesses)) -> 0
B39: Zusätzliche Zeile: Leerzeile kopieren und vor letzter Zeile einfügen | K39: =Zusammenfassung!$C$28 -> 0 | N39: =SUMIF(INDIRECT("$R12:$R"&EndZProcesses),$K39,INDIRECT("AA12:AA"&EndZProcesses)) -> 0 | O39: =SUMIF(INDIRECT("$R12:$R"&EndZProcesses),$K39,INDIRECT("AB12:AB"&EndZProcesses)) -> 0 | P39: =SUMIF(INDIRECT("$R12:$R"&EndZProcesses),$K39,INDIRECT("AC12:AC"&EndZProcesses)) -> 0 | U39: =SUMIF(INDIRECT("$R12:$R"&EndZProcesses),$K39,INDIRECT("U12:U"&EndZProcesses)) -> 0 | W39: =SUMIF(INDIRECT("$R12:$R"&EndZProcesses),$K39,INDIRECT("W12:W"&EndZProcesses)) -> 0
U82: =SUMIF(INDIRECT("$J12:$J"&EndZMaterials),$K82,INDIRECT("U12:U"&EndZMaterials)) -> 0

Sheet SBM-SEKOF-FWZ
C1: 8 | D1: 5 | E1: 22 | G1: 7.5 | H1: 7.5 | I1: 7.5 | J1: 7.5 | L1: 7.5 | M1: 15 | N1: 5 | O1: 12.5 | P1: 5 | Q1: 7.5 | R1: 7.5 | S1: 12.5 | T1: 12.5 | U1: 10
B2: BMW Group | G2: QUOTATION ANALYSIS FORM | P2: Hilfe und Dokumentation | T2: b2b.bmw.com
B3: VERTRAULICH | G3: 3. SBM, SEKOF und Folgewerkzeuge | P3: (siehe Nutzerleitfaden QAF Version 8.3)
B4: =Zusammenfassung!B4 -> QAF Version 8.3.02.02 © BMW AG
B5: Bearbeiter: | E5: =Zusammenfassung!$C5 -> Valeo | G5: Anbieter/Lieferant: | J5: =Zusammenfassung!$I5 -> Valeo | O5: Teilebenennung: | R5: =Zusammenfassung!$M5 -> SZL
B6: E-Mail: | E6: =HYPERLINK(CONCATENATE("mailto:",Zusammenfassung!C6),Zusammenfassung!C6) -> ulrich.wiedl@valeo.com | G6: BMW Lieferanten-Nr.: | J6: =Zusammenfassung!$I6 -> 16129510 | O6: Änderungsindex (AI): | R6: =Zusammenfassung!$M6 -> 0
B7: Telefon: | E7: =Zusammenfassung!$C7 -> 07142 916 2143 | G7: BMW Projekt: | J7: =Zusammenfassung!$I7 -> 35up | O7: Anfragenummer / Version: | R7: =Zusammenfassung!$M7 -> Zum Angebot vom 11.05.2016
B8: Angebotsdatum: | E8: =Zusammenfassung!$C8 -> 42513 | G8: BMW Sachnummer: | J8: =Zusammenfassung!$I8 -> 0 | O8: Variante: | R8: =Zusammenfassung!$M8 -> SZL 4-Band mit AIC mit FLA mit Heckwischen
G10: Beschreibung | M10: Angaben in Beschaffungswährung | S10: Angaben in Angebotswährung
B11: Positionsnummer Fertigungsschritt | C11: Verrechnungsform | D11: WAF vorhanden [ja/nein] | E11: Werkzeug-/ Vorrichtungsart | F11: Bemerkung | G11: Auslegung / Kavitäten [x-fach] | H11: Kapazität je AT [Teile] 1-Schicht | I11: Kapazität je AT [Teile] 2-Schicht | J11: Kapazität je AT [Teile] 3-Schicht | K11: Standzeit [Zyklen] | L11: Auftragszeit [Wochen] | M11: Standort des Herstellers | N11: Beschaffungswährung BW | O11: Werkzeug- / Vorrichtungskosten [BW] | P11: Angebotswährung AW | Q11: Wechselkurs [AW/BW] | R11: Anzahl Werkzeuge / Vorrichtungen | S11: Summe Werkzeug- / Vorrichtungskosten [AW] | T11: Summe Werkzeug- / Vorrichtungskosten SBM [AW] | U11: SEKOF + Folgewerkzeuge + Werkzeuginstandhaltung pro Stück [AW] | W11: Plausibilitätsprüfung "Verrechnungsform" | X11: Plausibilitätsprüfung "Werkzeugart" | Z11: Valeo Begründung warum gewisse Werkzeuge in Deutschl. verbleiben sollten
S12: =R12*O12*Q12 -> 0 | T12: =IF(C12="SBM", S12, 0) -> 0 | W12: =$C12 -> 0 | X12: =IF(ISERROR(VLOOKUP(E12,(SBM_2),2,0)),VLOOKUP(E12,(SEKOF_2),2,0),VLOOKUP(E12,(SBM_2),2,0)) -> #N/A
B13: 1 | C13: SBM | E13: Spritzgießwerkzeug | F13: CS4 Band POS 80 - Hub latching | G13: 4 | M13: Deutschland | N13: EUR | O13: 71600 | P13: EUR | R13: 1 | S13: =O13*R13 -> 71600 | T13: =IF(C13="SBM", S13, 0) -> 71600 | W13: =$C13 -> SBM | X13: =IF(ISERROR(VLOOKUP(E13,(SBM_2),2,0)),VLOOKUP(E13,(SEKOF_2),2,0),VLOOKUP(E13,(SBM_2),2,0)) -> SBM | Z13: 412983 verzugsanfällig , hoher Polieraufwand , Abstimmung zum Gehäuse 050 erforderlich
B14: 2 | C14: SBM | E14: Spritzgießwerkzeug | F14: CS4 Band PS 40 cover - latching | G14: 4 | M14: Deutschland | N14: EUR | O14: 89900 | P14: EUR | R14: 1 | S14: =O14*R14 -> 89900 | T14: =IF(C14="SBM", S14, 0) -> 89900 | W14: =$C14 -> SBM | X14: =IF(ISERROR(VLOOKUP(E14,(SBM_2),2,0)),VLOOKUP(E14,(SEKOF_2),2,0),VLOOKUP(E14,(SBM_2),2,0)) -> SBM | Z14: 412988 sehr verzugsanfällig , mehrere Schieber notwendig , Abstimmung zum Hub 080 notwendig , enge Zeichnungstoleranzen
B15: 3 | C15: SBM | E15: Spritzgießwerkzeug | F15: CS4 Band POS 50 housing - latching | G15: 4 | M15: Deutschland | N15: EUR | O15: 89900 | P15: EUR | R15: 1 | S15: =O15*R15 -> 89900 | T15: =IF(C15="SBM", S15, 0) -> 89900 | W15: =$C15 -> SBM | X15: =IF(ISERROR(VLOOKUP(E15,(SBM_2),2,0)),VLOOKUP(E15,(SEKOF_2),2,0),VLOOKUP(E15,(SBM_2),2,0)) -> SBM | Z15: 412987 sehr verzugsanfällig , Schieber notwendig , Abstimmung zum Hub 080, enge Zeichnungstol.
B16: 4 | C16: SBM | E16: Spritzgießwerkzeug | F16: CS4 Band POS 60 cover - G | G16: 4 | M16: Deutschland | N16: EUR | O16: 79900 | P16: EUR | R16: 1 | S16: =O16*R16 -> 79900 | T16: =IF(C16="SBM", S16, 0) -> 79900 | W16: =$C16 -> SBM | X16: =IF(ISERROR(VLOOKUP(E16,(SBM_2),2,0)),VLOOKUP(E16,(SEKOF_2),2,0),VLOOKUP(E16,(SBM_2),2,0)) -> SBM | Z16: 412986 verzugsanfällig , Asienvergabe möglich (Vergleichsangebot TK Mold 86200.-€)
B17: 5 | C17: SBM | E17: Spritzgießwerkzeug | F17: CS4 Band POS 100 fuse | G17: 4 | M17: Deutschland | N17: EUR | O17: 36900 | P17: EUR | R17: 1 | S17: =O17*R17 -> 36900 | T17: =IF(C17="SBM", S17, 0) -> 36900 | W17: =$C17 -> SBM | X17: =IF(ISERROR(VLOOKUP(E17,(SBM_2),2,0)),VLOOKUP(E17,(SEKOF_2),2,0),VLOOKUP(E17,(SBM_2),2,0)) -> SBM | Z17: 412980 Asienvergabe möglich (Vergleichsangebot TK mold 33300.- €)
B18: 6 | C18: SBM | E18: Spritzgießwerkzeug | F18: basic switch POS 10 Housing | G18: 4 | M18: Deutschland | N18: EUR | O18: 179500 | P18: EUR | R18: 1 | S18: =O18*R18 -> 179500 | T18: =IF(C18="SBM", S18, 0) -> 179500 | W18: =$C18 -> SBM | X18: =IF(ISERROR(VLOOKUP(E18,(SBM_2),2,0)),VLOOKUP(E18,(SEKOF_2),2,0),VLOOKUP(E18,(SBM_2),2,0)) -> SBM | Z18: 413308 verzugsanfällig , enge Toleranzen , hoher Abstimmungsaufwand erforderlich
B19: 7 | C19: SBM | E19: Spritzgießwerkzeug | F19: basic switch POS 90 Cover | G19: 4 | M19: Deutschland | N19: EUR | O19: 145000 | P19: EUR | R19: 1 | S19: =O19*R19 -> 145000 | T19: =IF(C19="SBM", S19, 0) -> 145000 | W19: =$C19 -> SBM | X19: =IF(ISERROR(VLOOKUP(E19,(SBM_2),2,0)),VLOOKUP(E19,(SEKOF_2),2,0),VLOOKUP(E19,(SBM_2),2,0)) -> SBM | Z19: 413307 verzugsanfällig , enge Toleranzen , hoher Abstimmungsaufwand erforderlich , auch zum Housing 010
B20: 8 | C20: SBM | E20: Spritzgießwerkzeug | F20: basic switch POS 30 Driver Turn Signal | G20: 4 | M20: Deutschland | N20: EUR | O20: 79000 | P20: EUR | R20: 1 | S20: =O20*R20 -> 79000 | T20: =IF(C20="SBM", S20, 0) -> 79000 | W20: =$C20 -> SBM | X20: =IF(ISERROR(VLOOKUP(E20,(SBM_2),2,0)),VLOOKUP(E20,(SEKOF_2),2,0),VLOOKUP(E20,(SBM_2),2,0)) -> SBM | Z20: 413309 sehr verzugsanfällig, hoher Abstimmungsaufwand ,enge Toleranzen , Abstimmung mit Housing und cover notwendig , mit Wechseleinsätzen (TK mold 90200.-€)
B21: 9 | C21: SBM | E21: Spritzgießwerkzeug | F21: basic switch POS 80 Shift lever (FAS/SWS) | G21: 8 | M21: Deutschland | N21: EUR | O21: 34000 | P21: EUR | R21: 1 | S21: =O21*R21 -> 34000 | T21: =IF(C21="SBM", S21, 0) -> 34000 | W21: =$C21 -> SBM | X21: =IF(ISERROR(VLOOKUP(E21,(SBM_2),2,0)),VLOOKUP(E21,(SEKOF_2),2,0),VLOOKUP(E21,(SBM_2),2,0)) -> SBM | Z21: 413314 Asienvergabe möglich (Vergleichsangebot TK mold 56700.- €)
B22: 10 | C22: SBM | E22: Spritzgießwerkzeug | F22: basic switch POS 60 Catch (Turn Signal) | G22: 8 | M22: Deutschland | N22: EUR | O22: 18500 | P22: EUR | R22: 1 | S22: =O22*R22 -> 18500 | T22: =IF(C22="SBM", S22, 0) -> 18500 | W22: =$C22 -> SBM | X22: =IF(ISERROR(VLOOKUP(E22,(SBM_2),2,0)),VLOOKUP(E22,(SEKOF_2),2,0),VLOOKUP(E22,(SBM_2),2,0)) -> SBM | Z22: 413312 Asienvergabe möglich (Vergleichsangebot TK mold 61000.- €)
B23: 11 | C23: SBM | E23: Spritzgießwerkzeug | F23: basic switch POS 40 Catch (Wiper) | G23: 8 | M23: Deutschland | N23: EUR | O23: 18500 | P23: EUR | R23: 1 | S23: =O23*R23 -> 18500 | T23: =IF(C23="SBM", S23, 0) -> 18500 | W23: =$C23 -> SBM | X23: =IF(ISERROR(VLOOKUP(E23,(SBM_2),2,0)),VLOOKUP(E23,(SEKOF_2),2,0),VLOOKUP(E23,(SBM_2),2,0)) -> SBM | Z23: 413313 Asienvergabe möglich (Vergleichsangebot TK mold 61000.- €)
B24: 12 | C24: SBM | E24: Spritzgießwerkzeug | F24: Indicator BC/FLA lever POS 20 Cover FAS | G24: 4 | M24: Rumänien /Asien/Tunesien | N24: EUR | O24: 60000 | P24: EUR | R24: 1 | S24: =O24*R24 -> 60000 | T24: =IF(C24="SBM", S24, 0) -> 60000 | W24: =$C24 -> SBM | X24: =IF(ISERROR(VLOOKUP(E24,(SBM_2),2,0)),VLOOKUP(E24,(SEKOF_2),2,0),VLOOKUP(E24,(SBM_2),2,0)) -> SBM
B25: 13 | C25: SBM | E25: Spritzgießwerkzeug | F25: Turnsignal BC Only POS 10 Lever FAS NOT printed w/o rib | G25: 2 | M25: Rumänien /Asien/Tunesien | N25: EUR | O25: 62500 | P25: EUR | R25: 2 | S25: =O25*R25 -> 125000 | T25: =IF(C25="SBM", S25, 0) -> 125000 | W25: =$C25 -> SBM | X25: =IF(ISERROR(VLOOKUP(E25,(SBM_2),2,0)),VLOOKUP(E25,(SEKOF_2),2,0),VLOOKUP(E25,(SBM_2),2,0)) -> SBM
B26: 14 | C26: SBM | E26: Spritzgießwerkzeug | F26: Indicator BC/FLA lever POS 30 Holder | G26: 4 | M26: Rumänien /Asien/Tunesien | N26: EUR | O26: 23700 | P26: EUR | R26: 1 | S26: =O26*R26 -> 23700 | T26: =IF(C26="SBM", S26, 0) -> 23700 | W26: =$C26 -> SBM | X26: =IF(ISERROR(VLOOKUP(E26,(SBM_2),2,0)),VLOOKUP(E26,(SEKOF_2),2,0),VLOOKUP(E26,(SBM_2),2,0)) -> SBM
B27: 15 | C27: SBM | E27: Spritzgießwerkzeug | F27: Turnsignal BC Only POS 40 Button BC Only | G27: 4 | M27: Rumänien /Asien/Tunesien | N27: EUR | O27: 19000 | P27: EUR | R27: 1 | S27: =O27*R27 -> 19000 | T27: =IF(C27="SBM", S27, 0) -> 19000 | W27: =$C27 -> SBM | X27: =IF(ISERROR(VLOOKUP(E27,(SBM_2),2,0)),VLOOKUP(E27,(SEKOF_2),2,0),VLOOKUP(E27,(SBM_2),2,0)) -> SBM
B28: 16 | C28: SBM | E28: Spritzgießwerkzeug | F28: Indicator BC/FLA lever POS 50 Button FAS BC - small | G28: 4 | M28: Rumänien /Asien/Tunesien | N28: EUR | O28: 19000 | P28: EUR | R28: 1 | S28: =O28*R28 -> 19000 | T28: =IF(C28="SBM", S28, 0) -> 19000 | W28: =$C28 -> SBM | X28: =IF(ISERROR(VLOOKUP(E28,(SBM_2),2,0)),VLOOKUP(E28,(SEKOF_2),2,0),VLOOKUP(E28,(SBM_2),2,0)) -> SBM
B29: 17 | C29: SBM | E29: Spritzgießwerkzeug | F29: Indicator BC/FLA lever POS 55 Button FAS FLA - small | G29: 4 | M29: Rumänien /Asien/Tunesien | N29: EUR | O29: 19000 | P29: EUR | R29: 1 | S29: =O29*R29 -> 19000 | T29: =IF(C29="SBM", S29, 0) -> 19000 | W29: =$C29 -> SBM | X29: =IF(ISERROR(VLOOKUP(E29,(SBM_2),2,0)),VLOOKUP(E29,(SEKOF_2),2,0),VLOOKUP(E29,(SBM_2),2,0)) -> SBM
B30: 18 | C30: SBM | E30: Spritzgießwerkzeug | F30: Wiper EU with RW lever POS 10 cover sws with HW | G30: 4 | M30: Rumänien /Asien/Tunesien | N30: EUR | O30: 59000 | P30: EUR | R30: 1 | S30: =O30*R30 -> 59000 | T30: =IF(C30="SBM", S30, 0) -> 59000
B31: 19 | C31: SBM | E31: Spritzgießwerkzeug | F31: Wiper EU with RW lever POS 20 lever NOT printed | G31: 2 | M31: Rumänien /Asien/Tunesien | N31: EUR | O31: 61000 | P31: EUR | R31: 2 | S31: =O31*R31 -> 122000 | T31: =IF(C31="SBM", S31, 0) -> 122000
B32: 20 | C32: SBM | E32: Spritzgießwerkzeug | F32: Wiper EU with RW lever POS 30 holder with RW | G32: 4 | M32: Rumänien /Asien/Tunesien | N32: EUR | O32: 23500 | P32: EUR | R32: 1 | S32: =O32*R32 -> 23500 | T32: =IF(C32="SBM", S32, 0) -> 23500
B33: 21 | C33: SBM | E33: Spritzgießwerkzeug | F33: Wiper EU with RW lever POS 80 gear /wheel | G33: 4 | M33: Rumänien /Asien/Tunesien | N33: EUR | O33: 42600 | P33: EUR | R33: 1 | S33: =O33*R33 -> 42600 | T33: =IF(C33="SBM", S33, 0) -> 42600
B34: 22 | C34: SBM | E34: Spritzgießwerkzeug | F34: Wiper EU with RW lever POS 150 cap not printed | G34: 4 | M34: Rumänien /Asien/Tunesien | N34: EUR | O34: 19000 | P34: EUR | R34: 1 | S34: =O34*R34 -> 19000 | T34: =IF(C34="SBM", S34, 0) -> 19000
B35: 23 | C35: SBM | E35: Spritzgießwerkzeug | F35: Wiper Lever POS 10 cover wo RW | G35: 4 | M35: Rumänien /Asien/Tunesien | N35: EUR | O35: 61500 | P35: EUR | R35: 1 | S35: =O35*R35 -> 61500 | T35: =IF(C35="SBM", S35, 0) -> 61500
B36: 24 | C36: SBM | E36: Spritzgießwerkzeug | F36: Wiper Lever POS 20 lever not printed wo Rw | G36: 2 | M36: Rumänien /Asien/Tunesien | N36: EUR | O36: 61000 | P36: EUR | R36: 2 | S36: =O36*R36 -> 122000 | T36: =IF(C36="SBM", S36, 0) -> 122000
B37: 25 | C37: SBM | E37: Spritzgießwerkzeug | F37: Wiper Lever POS 30 holder (carry over) | G37: 4 | M37: Rumänien /Asien/Tunesien | N37: EUR | O37: 24000 | P37: EUR | R37: 1 | S37: =O37*R37 -> 24000 | T37: =IF(C37="SBM", S37, 0) -> 24000
B38: 26 | C38: SBM | E38: Spritzgießwerkzeug | F38: Wiper Lever POS 20 lightguide | G38: 8 | N38: EUR | O38: 12900 | P38: EUR | R38: 1 | S38: =O38*R38 -> 12900 | T38: =IF(C38="SBM", S38, 0) -> 12900
B39: 27 | C39: SBM | E39: Spritzgießwerkzeug | F39: Wiper EU with RW lever POS 160 switching parts | G39: 4 | N39: EUR | O39: 28800 | P39: EUR | R39: 1 | S39: =O39*R39 -> 28800 | T39: =IF(C39="SBM", S39, 0) -> 28800
B40: 28 | C40: SBM | E40: Spritzgießwerkzeug | F40: Indicator BC/FLA lever POS 50 Switching part | G40: 8 | M40: Deutschland /Tschechien | N40: EUR | O40: 23300 | P40: EUR | R40: 1 | S40: =O40*R40 -> 23300 | T40: =IF(C40="SBM", S40, 0) -> 23300
B41: 29 | C41: SBM | E41: Spritzgießwerkzeug | F41: basic switch POS 20 Cam | G41: 8 | M41: Deutschland /Tschechien | N41: EUR | O41: 27800 | P41: EUR | R41: 1 | S41: =O41*R41 -> 27800 | T41: =IF(C41="SBM", S41, 0) -> 27800
B42: 30 | C42: SBM | E42: Spritzgießwerkzeug | F42: Indicator BC/FLA lever POS 60 lever cabel set | M42: Deutschland /Rumänien | N42: EUR | O42: 7500 | P42: EUR | R42: 1 | S42: =O42*R42 -> 7500 | T42: =IF(C42="SBM", S42, 0) -> 7500
B43: 31 | C43: SBM | E43: Spritzgießwerkzeug | F43: Turnsignal BC Only POS 60 wiper cable set | M43: Deutschland /Rumänien | N43: EUR | O43: 7500 | P43: EUR | R43: 1 | S43: =O43*R43 -> 7500 | T43: =IF(C43="SBM", S43, 0) -> 7500
B44: 32 | C44: SBM | E44: Spritzgießwerkzeug | F44: Wiper EU with RW lever wiper cable set RW | M44: Deutschland /Rumänien | N44: EUR | O44: 7500 | P44: EUR | R44: 1 | S44: =O44*R44 -> 7500 | T44: =IF(C44="SBM", S44, 0) -> 7500 | W44: =$C44 -> SBM | X44: =IF(ISERROR(VLOOKUP(E44,(SBM_2),2,0)),VLOOKUP(E44,(SEKOF_2),2,0),VLOOKUP(E44,(SBM_2),2,0)) -> SBM
B45: 33 | C45: SBM | E45: Spritzgießwerkzeug | F45: CS 4 Band POS 20 Connector | G45: 4 | M45: Österreich | N45: EUR | O45: 67500 | P45: EUR | R45: 1 | S45: =O45*R45 -> 67500 | T45: =IF(C45="SBM", S45, 0) -> 67500
B46: 34 | C46: SBM | E46: Spritzgießwerkzeug | F46: CS 4 Band POS 20 Connector | G46: 4 | M46: Österreich | N46: EUR | O46: 40000 | P46: EUR | R46: 1 | S46: =O46*R46 -> 40000 | T46: =IF(C46="SBM", S46, 0) -> 40000
B47: 35 | C47: SBM | E47: Spritzgießwerkzeug | F47: CS 4 Band POS 30 Connector | G47: 4 | M47: Österreich | N47: EUR | O47: 67500 | P47: EUR | R47: 1 | S47: =O47*R47 -> 67500 | T47: =IF(C47="SBM", S47, 0) -> 67500
B48: 36 | C48: SBM | E48: Spritzgießwerkzeug | F48: CS 4 Band POS 30 Connector | G48: 4 | M48: Österreich | N48: EUR | O48: 40000 | P48: EUR | R48: 1 | S48: =O48*R48 -> 40000 | T48: =IF(C48="SBM", S48, 0) -> 40000
B49: 37 | C49: SBM | E49: Spritzgießwerkzeug | F49: CS 4 Band POS 10 Connector | G49: 4 | M49: Österreich | N49: EUR | O49: 40000 | P49: EUR | R49: 1 | S49: =O49*R49 -> 40000 | T49: =IF(C49="SBM", S49, 0) -> 40000
B51: Summen | T51: SBM | U51: SEKOF + FWZ + IH
S52: =Zusammenfassung!$C$26 -> EUR | T52: =SUMIF(INDIRECT("$P12:$P"&EndZTools),$S52,INDIRECT("T12:T"&EndZTools)) -> 1952300 | U52: =SUMIF(INDIRECT("$P12:$P"&EndZTools),$S52,INDIRECT("U12:U"&EndZTools)) -> 0
S53: =Zusammenfassung!$C$27 -> 0 | T53: =SUMIF(INDIRECT("$P12:$P"&EndZTools),$S53,INDIRECT("T12:T"&EndZTools)) -> 0 | U53: =SUMIF(INDIRECT("$P12:$P"&EndZTools),$S53,INDIRECT("U12:U"&EndZTools)) -> 0
B54: Zusätzliche Zeile: Leerzeile kopieren und vor letzter Zeile einfügen | S54: =Zusammenfassung!$C$28 -> 0 | T54: =SUMIF(INDIRECT("$P12:$P"&EndZTools),$S54,INDIRECT("T12:T"&EndZTools)) -> 0 | U54: =SUMIF(INDIRECT("$P12:$P"&EndZTools),$S54,INDIRECT("U12:U"&EndZTools)) -> 0

Sheet Rohstoffrisiken
C1: 8 | D1: 5 | E1: 22 | G1: 7.5 | H1: 7.5 | I1: 7.5 | J1: 7.5 | L1: 7.5 | M1: 15 | N1: 5 | O1: 12.5 | P1: 5 | Q1: 7.5 | R1: 7.5 | S1: 12.5 | T1: 12.5 | U1: 10
B2: BMW Group | G2: QUOTATION ANALYSIS FORM | P2: Hilfe und Dokumentation | T2: b2b.bmw.com
B3: VERTRAULICH | G3: 5. Rohstoffrisiken | P3: (siehe Nutzerleitfaden QAF Version 8.3)
B4: =Zusammenfassung!B4 -> QAF Version 8.3.02.02 © BMW AG
B5: Bearbeiter: | D5: =Zusammenfassung!$C5 -> Valeo | G5: Anbieter/Lieferant: | J5: =Zusammenfassung!$I5 -> Valeo | O5: Teilebenennung: | R5: =Zusammenfassung!$M5 -> SZL
B6: E-Mail: | D6: =HYPERLINK(CONCATENATE("mailto:",Zusammenfassung!C6),Zusammenfassung!C6) -> ulrich.wiedl@valeo.com | G6: BMW Lieferanten-Nr.: | J6: =Zusammenfassung!$I6 -> 16129510 | O6: Änderungsindex (AI): | R6: =Zusammenfassung!$M6 -> 0
B7: Telefon: | D7: =Zusammenfassung!$C7 -> 07142 916 2143 | G7: BMW Projekt: | J7: =Zusammenfassung!$I7 -> 35up | O7: Anfragenummer / Version: | R7: =Zusammenfassung!$M7 -> Zum Angebot vom 11.05.2016
B8: Angebotsdatum: | D8: =Zusammenfassung!$C8 -> 42513 | G8: BMW Sachnummer: | J8: =Zusammenfassung!$I8 -> 0 | O8: Variante: | R8: =Zusammenfassung!$M8 -> SZL 4-Band mit AIC mit FLA mit Heckwischen
B10: Rohstoffdetaillierung: Befüllung nach Vorgabe BMW Einkauf lt. Anfrageunterlagen | H10: Durchschnittszeitraum: | L10: Von: | N10: Bis:
B11: Positionsnummer | C11: Rohstoffbezeichnung | D11: Bezugsgewicht [kg] | E11: Rohstoffschlüssel | F11: Rohstoffnotierung R0 [AW/kg] | G11: Rohstoff-Zuschlag [AW] RoZ0 | H11: Abwicklungsmodell (siehe Anfrageunterlagen) | I11: Indexbezeichnung (siehe Anfrageunterlagen) | J11: Indexnotierung RoI0 [AW/kg] im Durchschnittzeitraum | K11: BMW Beteiligungsquote BQ [in%] (siehe Anfrageunterlagen) | L11: Schwellwert SW [in%] (siehe Anfrageunterlagen) | M11: Hinweismeldung, bei Detaillierungsbedarf gegenüber dem Material-Blatt | S11: Bemerkung
C13: Summe von Bezugsgewicht [kg]
C14: Rohstoffbezeichnung | D14: Ergebnis
B15: 1 | E15: =IF(OR(ISBLANK(C15),C15="(Leer)"), "", VLOOKUP(C15,(list_Rohstoffschlüssel),2,FALSE)) | G15: =D15*F15 -> 0 | M15: =IF(OR(ISBLANK(C15),C15="(Leer)"), "", VLOOKUP(C15,(list_Rohstoffschlüssel),3,FALSE))
B16: 2 | E16: =IF(OR(ISBLANK(C16),C16="(Leer)"), "", VLOOKUP(C16,(list_Rohstoffschlüssel),2,FALSE)) | G16: =D16*F16 -> 0 | M16: =IF(OR(ISBLANK(C16),C16="(Leer)"), "", VLOOKUP(C16,(list_Rohstoffschlüssel),3,FALSE))
B17: 3 | E17: =IF(OR(ISBLANK(C17),C17="(Leer)"), "", VLOOKUP(C17,(list_Rohstoffschlüssel),2,FALSE)) | G17: =D17*F17 -> 0 | M17: =IF(OR(ISBLANK(C17),C17="(Leer)"), "", VLOOKUP(C17,(list_Rohstoffschlüssel),3,FALSE))
B18: 4 | E18: =IF(OR(ISBLANK(C18),C18="(Leer)"), "", VLOOKUP(C18,(list_Rohstoffschlüssel),2,FALSE)) | G18: =D18*F18 -> 0 | M18: =IF(OR(ISBLANK(C18),C18="(Leer)"), "", VLOOKUP(C18,(list_Rohstoffschlüssel),3,FALSE))
B19: 5 | E19: =IF(OR(ISBLANK(C19),C19="(Leer)"), "", VLOOKUP(C19,(list_Rohstoffschlüssel),2,FALSE)) | G19: =D19*F19 -> 0 | M19: =IF(OR(ISBLANK(C19),C19="(Leer)"), "", VLOOKUP(C19,(list_Rohstoffschlüssel),3,FALSE))
B20: 6 | E20: =IF(OR(ISBLANK(C20),C20="(Leer)"), "", VLOOKUP(C20,(list_Rohstoffschlüssel),2,FALSE)) | G20: =D20*F20 -> 0 | M20: =IF(OR(ISBLANK(C20),C20="(Leer)"), "", VLOOKUP(C20,(list_Rohstoffschlüssel),3,FALSE))
B21: 7 | E21: =IF(OR(ISBLANK(C21),C21="(Leer)"), "", VLOOKUP(C21,(list_Rohstoffschlüssel),2,FALSE)) | M21: =IF(OR(ISBLANK(C21),C21="(Leer)"), "", VLOOKUP(C21,(list_Rohstoffschlüssel),3,FALSE))
B22: Zur Aktuallisierung der Pivot-Tabelle bitte im Bereich der Tabelle die rechte Maus-Taste drücken --> "Aktualisieren!"
B24: Ergänzungsumfänge die sich aus der Hinweismeldung ergeben.
B25: 1 | E25: =IF(ISBLANK(C25), "", VLOOKUP(C25,(list_Rohstoffschlüssel),2,FALSE)) | G25: =D25*F25 -> 0 | M25: =IF(OR(ISBLANK(C25),C25="(Leer)"), "", VLOOKUP(C25,(list_Rohstoffschlüssel),3,FALSE))
B26: 2 | E26: =IF(ISBLANK(C26), "", VLOOKUP(C26,(list_Rohstoffschlüssel),2,FALSE)) | G26: =D26*F26 -> 0 | M26: =IF(OR(ISBLANK(C26),C26="(Leer)"), "", VLOOKUP(C26,(list_Rohstoffschlüssel),3,FALSE))
B27: 3 | E27: =IF(ISBLANK(C27), "", VLOOKUP(C27,(list_Rohstoffschlüssel),2,FALSE)) | G27: =D27*F27 -> 0 | M27: =IF(OR(ISBLANK(C27),C27="(Leer)"), "", VLOOKUP(C27,(list_Rohstoffschlüssel),3,FALSE))
B28: 4 | E28: =IF(ISBLANK(C28), "", VLOOKUP(C28,(list_Rohstoffschlüssel),2,FALSE)) | G28: =D28*F28 -> 0 | M28: =IF(OR(ISBLANK(C28),C28="(Leer)"), "", VLOOKUP(C28,(list_Rohstoffschlüssel),3,FALSE))
B29: 5 | E29: =IF(ISBLANK(C29), "", VLOOKUP(C29,(list_Rohstoffschlüssel),2,FALSE)) | G29: =D29*F29 -> 0 | M29: =IF(OR(ISBLANK(C29),C29="(Leer)"), "", VLOOKUP(C29,(list_Rohstoffschlüssel),3,FALSE))
B30: 6 | E30: =IF(ISBLANK(C30), "", VLOOKUP(C30,(list_Rohstoffschlüssel),2,FALSE)) | G30: =D30*F30 -> 0 | M30: =IF(OR(ISBLANK(C30),C30="(Leer)"), "", VLOOKUP(C30,(list_Rohstoffschlüssel),3,FALSE))
B31: 7 | E31: =IF(ISBLANK(C31), "", VLOOKUP(C31,(list_Rohstoffschlüssel),2,FALSE)) | G31: =D31*F31 -> 0 | M31: =IF(OR(ISBLANK(C31),C31="(Leer)"), "", VLOOKUP(C31,(list_Rohstoffschlüssel),3,FALSE))
B34: Zusätzliche Zeile: Leerzeile kopieren und vor letzter Zeile einfügen

Sheet Prämissenblatt
B2: BMW Group | F2: QUOTATION ANALYSIS FORM
B3: ENTWURF - VERTRAULICH | F3: Prämissenblatt
B4: QAF Version 8 © BMW AG | O4: 41925 | S4: 41925
B6: Liste der Rohstoffschlüssel | E6: Liste der zulässigen Angebotswährungen | H6: Liste der zulässigen Beschaffungswährungen | K6: Länderliste | L6: ISO-Ländercode | M6: Iso-Währungs-code | O6: Werkzeugliste SBM bzw. Folgewerkzeuge | Q6: Werkzeugarten- nummer | S6: Werkzeugliste SEKOF | T6: Verrechnungsform | U6: Werkzeugarten- nummer | W6: Einheitenliste Material | Y6: Liste Ja / Nein | AA6: Werkzeug- verrechnungsform | AC6: Einheitenliste Fläche | AE6: Änderungshistorie | AH6: Werkzeuginstandhaltung
B8: AL01 | C8: ALUMINIUM | E8: EUR | F8: Euro | H8: EUR | I8: Euro | K8: Ägypten | L8: EG | M8: EGP | O8: Beschneide -/ Lochwerkzeug | P8: SBM | S8: Aufspannvorrichtung BAZ | T8: SEKOF | W8: Stück (Kaufteil) | Y8: ja | AA8: SBM | AC8: qm | AE8: 40765 | AF8: Berücksichtigung Rohstoffschlüssel | AH8: allgemein
B9: AL02 | C9: ALUMINIUM SCHROTT | E9: USD | F9: US-Dollar | H9: USD | I9: US-Dollar | K9: Albanien | L9: AL | M9: ALL | O9: Biegewerkzeug(z.B.Rohrbiegen) | P9: SBM | S9: Beflockungsaufnahme | T9: SEKOF | W9: Stück (Rohstoff-Risiko) | Y9: nein | AA9: SEKOF | AC9: sq.ft | AE9: 40765 | AF9: Aktualisierung Formel Preisgleitklausel
B10: AL03 | C10: ALUMINIUM SCHROTT 2 | E10: GBP | F10: Britisches Pfund | H10: GBP | I10: Britisches Pfund | K10: Argentinien | L10: AR | M10: ARS | O10: Blaswerkzeug | P10: SBM | S10: Brechschablone | T10: SEKOF | W10: kg | AA10: Folgewerkzeug | AC10: sq.yd | AE10: 40765 | AF10: Berücksichtigung WZ_IH_Kosten
B11: AL04 | C11: REINALUMINIUMPRAEMIE (ECDP/ECDU) | E11: CNY | F11: Chinesischer Renminbi | H11: CNY | I11: Chinesischer Renminbi | K11: Australien | L11: AU | M11: AUD | O11: Direktes / Indirektes Warmumformwerkzeug | P11: SBM | S11: Diadekor/ Diakopie | T11: SEKOF | W11: g | AA11: Werkzeuginstandhaltung | AE11: 40765 | AF11: "Unnötige Formel" Deckblatt entfernt
B12: KU01 | C12: Kunststoff-ABS, | E12: ARS | F12: Argentinische Peso | H12: ALL | I12: Albanischer Lek | K12: Bangladesch | L12: BD | M12: BDT | O12: Druckgusswerkzeug | P12: SBM | S12: Druckaufnahme (Tampondruck) / Klischees | T12: SEKOF | W12: m³ | AE12: 40766 | AF12: zulässige Beschaffungswährungen aktualisiert
B13: KU02 | C13: Kunststoff-ABS-PC, | E13: AUD | F13: Australische Dollar | H13: AED | I13: VAE Dirham | K13: Belgien | L13: BE | M13: EUR | O13: Elastomerpresswerkzeug | P13: SBM | S13: Filmauftragvorrichtung | T13: SEKOF | W13: m² | AE13: 40766 | AF13: WZ_IH_Kosten aus Fertigungskosten entfernt
B14: KU03 | C14: Kunststoff-PVC, | E14: BGN | F14: Lew | H14: ARS | I14: Argentinische Peso | K14: Bosnien und Herzegowina | L14: BA | M14: BAM | O14: Extrudierwerkzeug | P14: SBM | S14: Galvanikgestelle | T14: SEKOF | W14: m | AE14: 40766 | AF14: Aktualisierung Plausibilitätsprüfung SEKOF/SBM
B15: KU04 | C15: KUNSTSTOFF-PA, | E15: BRL | F15: Brasilianische Real | H15: AUD | I15: Australische Dollar | K15: Brasilien | L15: BR | M15: BRL | O15: Feinguss | P15: SBM | S15: Glaspressform (Pressbiegeform) | T15: SEKOF | W15: mm | AE15: 40780 | AF15: Plausibilitätsprüfung WZ-IH Kosten aktualisiert
B16: KU05 | C16: Kunststoff-POM, | E16: CAD | F16: Canadische Dollar | H16: BAM | I16: Bosnische Mark | K16: Bulgarien | L16: BG | M16: BGN | O16: Feinschneidwerkzeug | P16: SBM | S16: In-Circuit-Tester-Adapter (LP) inkl. Software, Funktionsprüfadapter, Endprüfadapter(ZB) | T16: SEKOF | W16: l | AE16: 40780 | AF16: bedingte Formatierung WZ-IH aktualisiert
B17: KU06 | C17: KUNSTSTOFF-PP-TVXX, | E17: CHF | F17: Schweizer Franken | H17: BDT | I17: Bangladeschischer Taka | K17: China | L17: CN | M17: CNY | O17: Folgeverbundwerkzeug | P17: SBM | S17: Kaschier- / Umbugwerkzeugwerkzeug für Sondermaschine | T17: SEKOF | W17: Prämie (kg) | AE17: 40995 | AF17: Überarbeitung SBM und SEKOF-Tabellen + Wertebereich
B18: KU07 | C18: KUNSTSTOFF-PP, - | E18: CZK | F18: Tschechische Krone | H18: BGN | I18: bulgarischer Lew | K18: Dänemark | L18: DK | M18: DKK | O18: Galvanowerkzeug | P18: SBM | S18: Klebeaufnahme | T18: SEKOF | W18: lb | AE18: 41039 | AF18: SBM Liste in beiden Prämissenblätter gleichgestellt.
B19: KU08 | C19: Kunststoff-PP-GFxx, | E19: DKK | F19: Dänische Krone | H19: BRL | I19: Brasilianische Real | K19: Deutschland | L19: DE | M19: EUR | O19: Gesamtschnitt-/ Verbund Werkzeug | P19: SBM | S19: Lackiergestelle/-aufnahmen | T19: SEKOF | W19: oz | AE19: 41039 | AF19: Löschhinweis in Blatt "SBM Inventarisierung"
B20: KU09 | C20: Kunststoff-PE, | E20: EGP | F20: Ägyptische Pfund | H20: BYR | I20: Weißrussischer Rubel | K20: Dubai | L20: AE | M20: UAE | O20: Hinterschäumwerkzeuge / -form | P20: SBM | S20: Lötrahmen | T20: SEKOF | W20: yd | AE20: 41039 | AF20: Schriftart auf BMW Group light umgestellt.
B21: KU10 | C21: Kunststoff-Polyol, | E21: HKD | F21: Hongkong Dollar | H21: CAD | I21: Canadische Dollar | K21: Estland | L21: EE | M21: EUR | O21: IHU-Werkzeug | P21: SBM | S21: Maskieren | T21: SEKOF | W21: ft | AE21: 41039 | AF21: Feld Änderungsindex auf "Text formatiert"
B22: KU11 | C22: KUNSTSTOFF-MDI, | E22: HUF | F22: Forint | H22: CHF | I22: Schweizer Franken | K22: Finnland | L22: FI | M22: EUR | O22: Kaltpressen (Massivumformen) | P22: SBM | S22: Mechanisierungszubehör (Greifer,Feeder,Entbutzen) | T22: SEKOF | W22: in | AE22: 41039 | AF22: Spalte "E" in SBM Inventarisierung mit Zeilenumbruch formatiert
B23: KU12 | C23: Kunststoff-EPDM, | E23: IDR | F23: Rupiah | H23: CZK | I23: Tschechische Krone | K23: Frankreich | L23: FR | M23: EUR | O23: Kaschier-Umbugwerkzeug für Standard M. | P23: SBM | S23: Messaufnahme/-Vorrichtungen spezifisch | T23: SEKOF | W23: sq.yd | AE23: 41043 | AF23: Verknüpfung SNR mit Zusammenfassungsblatt
... B26: KU15 | C26: SYNTHESEKAUTSCHUK | E26: KRW | F26: Won | H26: HKD | I26: Hongkong Dollar | K26: Hongkong | L26: HK | M26: HKD | O26: Konfektionswerkzeug | P26: SBM | S26: Poliervorrichtung | T26: SEKOF | W26: cu.yd | AE26: 41072 | AF26: Ländercodes für Dänemark, Finnland und Schweden auf dreistellig umgestellt
B27: KU99 | C27: Kunststoff-Allgemein | E27: MXN | F27: Mexikanische Peso | H27: HRK | I27: Kroatische Kuna | K27: Indien | L27: IN | M27: INR | O27: Messerschnitt (nicht Metall) | P27: SBM | S27: Prüfaufnahme/-Vorrichtungen spezifisch | T27: SEKOF | W27: cu.ft. | AF27: Verknüpfung für Auswahl "Argentinien" --> Orte richtig gestellt
B28: SO01 | C28: KUPFER, | E28: MYR | F28: Ringgit | H28: HUF | I28: Ungarische Forint | K28: Indonesien | L28: ID | M28: IDR | O28: Nachformwerkzeug | P28: SBM | S28: Rollensatz | T28: SEKOF | W28: cu.in | AF28: Land "Oman" und "Hongkong" hinzugefügt (inkl. Regionen)
B29: SO02 | C29: BLEI, | E29: NOK | F29: Norwegische Krone | H29: IDR | I29: Indonesische Rupiah | K29: Iran | L29: IR | M29: IRR | O29: Nasspressen (CFK) | P29: SBM | S29: Schneidaufnahme allgemein | T29: SEKOF | AE29: 41096 | AF29: email-Adresse als Hyperlink anzeigen: =HYPERLINK(VERKETTEN("mailto:";C6);C6)
B30: SO03 | C30: Nickel, | E30: PHP | F30: Philippinische Peso | H30: ILS | I30: Israelische Schekel | K30: Irland | L30: IE | M30: EUR | O30: Platinenschnitt | P30: SBM | S30: Schweißaufnahme/-gestelle | T30: SEKOF | AF30: Kommentarfelder von Hr. Eibl löschen
B31: SO04 | C31: Magnesium, | E31: PLN | F31: Złoty | H31: INR | I31: Indische Rupie | K31: Island | L31: IS | M31: ISK | O31: Preformwerkzeug | P31: SBM | S31: Schweißwerkzeug für Sondermaschine | T31: SEKOF | AF31: Format Anfragenummer/Version = Text
B32: SO05 | C32: GLAS, | E32: RON | F32: Leu | H32: IRR | I32: Iranischer Rial | K32: Israel | L32: IL | M32: ILS | O32: Presswerkzeug (ausgenommen Metall) | P32: SBM | S32: Siebdruckschablone | T32: SEKOF | AF32: Benennung der Währungsspalte 2 und 3 auf dem Zusammenfassungsblatt
B33: SO06 | C33: Fluids, | E33: RUB | F33: Rubel | H33: ISK | I33: Isländische Krone | K33: Italien | L33: IT | M33: EUR | O33: Presswerkzeuge (Straßen-/Transfer-Werkzeug usw.) | P33: SBM | S33: Siebe | T33: SEKOF | AF33: Text auf links formatiert, Lieferbed. Im Zus.Blatt
B34: SO07 | C34: Prozessmaterial | E34: SAR | F34: Riyal | H34: JPY | I34: Japanischer YEN | K34: Japan | L34: JP | M34: JPY | O34: RTM-Werkzeug(Harzinjektor) | P34: SBM | S34: Sonderwerkzeug mech. Fertigung | T34: SEKOF | AF34: Zeilenhöhe Z.11 auf Blatt Fertigung erhöht, damit Text von RFGK zweizeilig angezeigt wird.
B35: SO08 | C35: FERROCHROM | E35: SEK | F35: Schwedische Krone | H35: KHR | I35: Kambodschanischer Riel | K35: Kambodscha | L35: KH | M35: KHR | O35: Sandguss | P35: SBM | S35: Spannvorrichtung | T35: SEKOF | AF35: Farbformatierung bei Fertigungsblatt unten bei der Zusammenfassung (Bereiche falsch definiert)
B36: SO09 | C36: CHROMIUM | E36: SGD | F36: Singapur Dollar | H36: KRW | I36: Südkoreanischer Won | K36: Kanada | L36: CA | M36: CAD | O36: Schäumform | P36: SBM | S36: Spannvorrichtung mech. Fertigung | T36: SEKOF | AF36: Zusammenfassungsblatt, Spalte L verbreitert.
B37: SO20 | C37: PLATIN (NUR MG-5) | E37: THB | F37: Baht | H37: LTL | I37: Litauische Litas | K37: Kroatien | L37: HR | M37: HRK | O37: Schweißwerkzeug für Standardmaschine | P37: SBM | S37: Stanzwerkzeug für LP-Nutzen | T37: SEKOF | AF37: Blatt SBM/SEKOF --> Zeilenhöhe Z34 angepasst, Text war nicht vollständig lesbar.
B38: SO23 | C38: PLATIN (NUR MG-5) | E38: TRY | F38: Türkische Lira | H38: LVL | I38: Lettische Lats | K38: Lettland | L38: LV | M38: LVL | O38: Sinterwerkzeug | P38: SBM | S38: Teileförderer bauteilbezogen | T38: SEKOF | AF38: Eingabefeld "Änderungsmeldungsnummer" auf Text umformartiert, führende Null wird angezeigt.
B39: SO24 | C39: PALLADIUM (NUR MG-5) | E39: TWD | F39: Taiwan Dollar | H39: MAD | I39: Marokkanischer Dirham | K39: Liechtenstein | L39: LI | M39: CHF | O39: Spritzgießwerkzeug | P39: SBM | S39: Transportgestelle,- behälter (Waschen, Wärmebehandeln usw.) | T39: SEKOF | AF39: Feldformatierung von Währungsspalte, die nach auswahl eingeblendet werden richtig gestellt.
B40: SO30 | C40: NEODYM | E40: ZAR | F40: Rand | H40: MDL | I40: Moldawischer Leu | K40: Litauen | L40: LT | M40: LTL | O40: Sprühformwerkzeug | P40: SBM | S40: Walzwerkzeug (mit Bauteilbezogener Narbung) | T40: SEKOF
B41: SO31 | C41: DYSPROSIUM | H41: MKD | I41: Mazedonischer Denar | K41: Luxemburg | L41: LU | M41: EUR | O41: Stanzentgratwerkzeug | P41: SBM | S41: Werkstückträger | T41: SEKOF
B42: SO99 | C42: SONSTIGES | H42: MXN | I42: Mexikanische Peso | K42: Malaysia | L42: MY | M42: MYR | O42: Strangpressdüse | P42: SBM
B43: ST01 | C43: STAHLBLECH HAUS (HDG) | H43: MYR | I43: Malayische Ringgit | K43: Malta | L43: MT | M43: EUR | O43: Streckbiegewerkzeug | P43: SBM
B44: ST02 | C44: Stahl-Edelstahl (Austenit), | H44: NOK | I44: Norwegische Krone | K44: Marokko | L44: MA | M44: MAD | O44: Thixomolding | P44: SBM
B45: ST03 | C45: Stahl-Edelstahl (Ferrit), | H45: NZD | I45: Neuseeland-Dollar | K45: Mazedonien | L45: MK | M45: MKD | O45: Tubenziehwerkzeug | P45: SBM
B46: ST04 | C46: Stahl-Eisenguss, | H46: PHP | I46: Philippinische Peso | K46: Mexiko | L46: MX | M46: MXN | O46: Vulkanisationswerkzeug | P46: SBM
B47: ST05 | C47: Stahl-Schmiedestahl, | H47: PKR | I47: Pakistanische Rupie | K47: Moldawien | L47: MD | M47: MDL | O47: Warmpressen (Schmieden) | P47: SBM
B48: ST06 | C48: Stahl-Walzdraht, | H48: PLN | I48: Polnische Złoty | K48: Monaco | L48: MC | M48: EUR | O48: Ziehwerkzeug | P48: SBM
B49: ST07 | C49: STAHL- STAHLSCHROTT | H49: RON | I49: Rumänischer Leu | K49: Montenegro | L49: ME | M49: EUR
B50: ST08 | C50: EDELSTAHL BASISSTAHL | H50: RSD | I50: Serbischer Dinar | K50: Neuseeland | L50: NZ | M50: NZD
B51: ST09 | C51: STAHLBLECH KAUF (HDG) | H51: RUB | I51: Russische Rubel | K51: Niederlande | L51: NL | M51: EUR
B52: ST10 | C52: STAHLBLECH WARMBAND (HRC) | H52: SAR | I52: Saudi Rial | K52: Norwegen | L52: NO | M52: NEK
B53: ST11 | C53: STAHLBLECH US (HDG) | H53: SEK | I53: Schwedische Krone | K53: Oman | L53: OM | M53: OMR
B54: ST12 | C54: STAHLBLECH US (HRC) | H54: SGD | I54: Singapur Dollar | K54: Österreich | L54: AT | M54: EUR
B55: ST30 | C55: ELEKTROBLECH | H55: THB | I55: Thailändische Baht | K55: Pakistan | L55: PK | M55: PKR
B56: LZ | C56: Legierungszuschlag | H56: TND | I56: Tunesischer Dinar | K56: Philippinen | L56: PH | M56: PHP
B57: ST99 | C57: STAHL-ALLGEMEIN | H57: TRY | I57: Türkische Lira | K57: Polen | L57: PL | M57: PLN
H58: TWD | I58: Taiwan Dollar | K58: Portugal | L58: PT | M58: EUR
H59: UAH | I59: Ukrainische Hrywnja | K59: Rumänien | L59: RO | M59: RON
H60: UYU | I60: Uruguayischer Peso | K60: Russland | L60: RU | M60: RUB
H61: VEF | I61: Venezolanischer Bolivar | K61: Saudi-Arabien | L61: SA | M61: SAR
H62: VND | I62: Vietnamesischer Dong | K62: Schweden | L62: SE | M62: SEK
H63: ZAR | I63: Südafrikanischer Rand | K63: Schweiz | L63: CH | M63: CHF
K64: Serbien | L64: RS | M64: RSD
K65: Singapur | L65: SG | M65: SGD
K66: Slowakei | L66: SK | M66: EUR
K67: Slowenien | L67: SI | M67: EUR
K68: Spanien | L68: ES | M68: EUR
K69: Südafrika | L69: ZA | M69: ZAR
K70: Südkorea | L70: KR | M70: KRW
K71: Taiwan | L71: TW | M71: TWD
K72: Thailand | L72: TH | M72: THB
K73: Tschechien | L73: CZ | M73: CZK
K74: Tunesien | L74: TN | M74: TND
K75: Türkei | L75: TR | M75: TRY
... K83: Weißrussland | L83: BY | M83: BYR
K84: Weiteres Land | L84: xx
K85: Weiteres Land | L85: yy
K86: Weiteres Land | L86: zz
K87: Zypern | L87: CY | M87: EUR

Sheet Prämissenblatt_Rohstoff
A2: Blatt "Rohstoffrisiken" | G2: Blatt "Material"
A3: Description Rawmaterial-Code | B3: Beschreibung Rohstoffschlüssel | C3: Anteilsart | D3: Hinweismeldung im Blatt "Rohstoffrisiken" zur weiteren Vorgehensweise | E3: nicht im Material-Blatt | G3: Beschreibung Rohstoffschlüssel | I3: Ausgrauung Materialblatt
A4: Aluminium (LME, primary raw material) | B4: Aluminium (LME, Reinrohstoff) | C4: AL01 | D4: hier Fertiggewicht, ggf. Detaillierung unten ergänzen mit Aluminium Schrott | G4: Aluminium (LME, Reinrohstoff) | H4: 1
A5: ALUMINIUM HG 3M SELLER LME (MTZ) | B5: Aluminium HG 3M SELLER LME (MTZ) | C5: A013 | D5: hier Fertiggewicht, ggf. Detaillierung unten ergänzen mit Aluminium Schrott/Wertverzehr | G5: Aluminium HG 3M SELLER LME (MTZ) | H5: 1
A6: Aluminium HG SHFE | B6: Aluminium HG SHFE | C6: AL08 | D6: hier Fertiggewicht, ggf. Detaillierung unten ergänzen mit Aluminium Schrott/Wertverzehr | G6: Aluminium HG SHFE
A7: Aluminium Scrap 2/Lost value 2 | B7: Aluminium Schrott 2/Wertverzehr 2 | C7: AL03 | D7: konstanter Wert, wird bei Rohstoffschwankung nicht angepasst (siehe Ausführungsbeispiel Aluminium) | E7: X | G7: Aluminium Primär-AL-CJP-Prämie | H7: 1
A8: Aluminium Scrap/Lost value | B8: Aluminium Schrott/Wertverzehr | C8: AL02 | D8: konstanter Wert, wird bei Rohstoffschwankung nicht angepasst (siehe Ausführungsbeispiel Aluminium) | E8: X | G8: Aluminium Primär-AL-Midwest-Prämie | H8: 1
A9: Aluminium Primary AL CJP Premium | B9: Aluminium Primär-AL-CJP-Prämie | C9: AL07 | D9: nur für Alu-Primärlegierungen zulässig - Japan | G9: Aluminium Primär-AL-Prämie (ECDP/ECDU) | H9: 1
A10: Aluminium Primary AL Midwest Premium | B10: Aluminium Primär-AL-Midwest-Prämie | C10: AL06 | D10: nur für Alu-Primärlegierungen zulässig - USA | G10: Aluminium-Sekundärprämie Leg. 226 | H10: 1
A11: Aluminium Primary AL Premium (ECDP/ECDU) | B11: Aluminium Primär-AL-Prämie (ECDP/ECDU) | C11: AL04 | D11: nur für Alu-Primärlegierungen zulässig - Europa | G11: Blei (LME, Reinrohstoff) | H11: 1
A12: Aluminium Sekundary AL Premium (Alloy 226) | B12: Aluminium-Sekundärprämie Leg. 226 | C12: AL05 | D12: nur für Alu-Leg. 226 zulässig | G12: BLEI LME CASH SELLER (MTZ) | H12: 1
A13: Lead (LME, primary raw material) | B13: Blei (LME, Reinrohstoff) | C13: SO02 | G13: Carbon Black | H13: 1
A14: LEAD LME CASH SELLER (MTZ) | B14: BLEI LME CASH SELLER (MTZ) | C14: PBCA | G14: Dysprosium - Domestic | H14: 1
A15: Carbon Black | B15: Carbon Black | C15: SO12 | G15: Dysprosium - FOB-Preisbasis | H15: 1
A16: Dysprosium - Domestic | B16: Dysprosium - Domestic | C16: SO31 | G16: Ferrochrom high (65% Cr, 0,06% C) | H16: 1
A17: Dysprosium - FOB price | B17: Dysprosium - FOB-Preisbasis | C17: SO33 | G17: Ferrochrom low (low phosphor, max. 7% C) | H17: 1
A18: Ferrochromium high (65% Cr, 0,06% C) | B18: Ferrochrom high (65% Cr, 0,06% C) | C18: SO08 | D18: hier als weitere Detaillierung für Stahl- und Gusslegierungselemente | G18: Fluids, Öl, Kraftstoff | H18: 0
A19: Glass | B19: Glas | C19: SO05 | E19: X | G19: GIESSEREI STAHLSCHROTT (MTZ) | H19: 0
A20: Ferrochromium low (low phosphor, max. 7% C) | B20: Ferrochrom low (low phosphor, max. 7% C) | C20: SO09 | D20: hier als weitere Detaillierung für Stahl- und Gusslegierungselemente | G20: GIESSEREI STAHLSCHROTT USA (MTZ) | H20: 0
A21: Fluids, oil, fuel | B21: Fluids, Öl, Kraftstoff | C21: SO06 | G21: Kobalt High Grade | H21: 0
A22: CASTING STEEL SCRAP (MTZ) 100kg | B22: GIESSEREI STAHLSCHROTT (MTZ) | C22: SRZU | D22: Fertiggewicht | G22: Kunststoff ABS | H22: 0 | I22: x
A23: CASTING STEEL SCRAP US (MTZ) to. | B23: GIESSEREI STAHLSCHROTT USA (MTZ) | C23: SRUS | D23: Fertiggewicht | G23: Kunststoff ABS - Recyclat | H23: 0 | I23: x
A24: Cobalt High Grade | B24: Kobalt High Grade | C24: SO13 | G24: Kunststoff ABS-PC | H24: 0 | I24: x
A25: Plastics ABS | B25: Kunststoff ABS | C25: KU01 | G25: Kunststoff ABS-PC - Recyclat | H25: 0 | I25: x
A26: Plastics ABS recycling material | B26: Kunststoff ABS - Recyclat | C26: KU41 | G26: Kunststoff EPDM | H26: 0 | I26: x
A27: Plastics ABS-PC | B27: Kunststoff ABS-PC | C27: KU02 | G27: Kunststoff Epoxidharz | H27: 0 | I27: x
A28: Plastics ABS-PC recycling material | B28: Kunststoff ABS-PC - Recyclat | C28: KU42 | G28: Kunststoff MDI | H28: 0 | I28: x
A29: Plastics EPDM | B29: Kunststoff EPDM | C29: KU12 | G29: Kunststoff PA | H29: 0 | I29: x
A30: Plastics Epoxy resin | B30: Kunststoff Epoxidharz | C30: KU14 | G30: Kunststoff PA - Recyclat | H30: 0 | I30: x
A31: Plastics MDI | B31: Kunststoff MDI | C31: KU11 | G31: Kunststoff PE | H31: 0 | I31: x
A32: Plastics PA | B32: Kunststoff PA | C32: KU04 | G32: Kunststoff PE - Recyclat | H32: 0 | I32: x
A33: Plastics PA recycling material | B33: Kunststoff PA - Recyclat | C33: KU44 | G33: Kunststoff Polyacrylnitril | H33: 0 | I33: x
A34: Plastics PE | B34: Kunststoff PE | C34: KU09 | G34: Kunststoff Polyol | H34: 1 | I34: x
A35: Plastics PE recycling material | B35: Kunststoff PE - Recyclat | C35: KU49 | G35: Kunststoff POM | H35: 1 | I35: x
... A43: Plastics PP-TVxx | B43: Kunststoff PP-TVxx | C43: KU06 | G43: Kunststoff PVC | H43: 1 | I43: x
A44: Plastics Others | B44: Kunststoff-Allgemein | C44: KU99 | E44: X | G44: Kunststoff Synthesekautschuk | H44: 1 | I44: x
A45: Plastics PP-TVxx recycling material | B45: Kunststoff PP-TVxx - Recyclat | C45: KU46 | G45: Kupfer (LME, Reinrohstoff) | H45: 1
A46: Plastics Process material Paintings | B46: Kunststoff Prozessmaterial/Lack | C46: KU16 | G46: KUPFER LME CASH SELLER (MTZ) | H46: 1
A47: Plastics PVC | B47: Kunststoff PVC | C47: KU03 | G47: Legierungszuschlag | H47: 1
A48: Plastics synthetic rubber | B48: Kunststoff Synthesekautschuk | C48: KU15 | G48: Magnesium (Reinrohstoff) | H48: 1
A49: Copper (LME, primary raw material) | B49: Kupfer (LME, Reinrohstoff) | C49: SO01 | G49: Naturkautschuk | H49: 1 | I49: x
A50: COPPER LME CASH SELLER (MTZ) | B50: KUPFER LME CASH SELLER (MTZ) | C50: CUCA | D50: Fertiggewicht | G50: Neodym - Domestic | H50: 1
A51: Steel alloy surcharge | B51: Legierungszuschlag | C51: LZ | D51: Detaillierung unten vornehmen mit Stahl-Edelstahl Basisstahl, Nickel, Ferrochrom | G51: Neodym - FOB-Preisbasis | H51: 1
A52: Magnesium (primary raw material) | B52: Magnesium (Reinrohstoff) | C52: SO04 | G52: Nickel (LME, Reinrohstoff) | H52: 1
A53: Natural Rubber | B53: Naturkautschuk | C53: KU13 | G53: NICKEL LME CASH SELLER (MTZ) | H53: 1
A54: Neodym - Domestic | B54: Neodym - Domestic | C54: SO30 | G54: Palladium (g) | H54: 1
A55: Neodym - FOB price | B55: Neodym - FOB-Preisbasis | C55: SO32 | G55: Palladium (oz) | H55: 1
A56: Nickel (LME, primary raw material) | B56: Nickel (LME, Reinrohstoff) | C56: SO03 | D56: hier nur als weitere Detaillierung für Stahl- und Gusslegierungselemente | G56: Platin (g) | H56: 1
A57: Process Material Others | B57: Prozessmaterial - sonstige | C57: SO07 | E57: X | G57: Platin (oz) | H57: 1
A58: NICKEL LME CASH SELLER (MTZ) | B58: NICKEL LME CASH SELLER (MTZ) | C58: NICA | D58: Fertiggewicht | G58: Rhodium (g) | H58: 1
A59: Palladium (g) | B59: Palladium (g) | C59: SO24 | G59: Rhodium (oz)
A60: Palladium (oz) | B60: Palladium (oz) | C60: SO21 | G60: Stahl-Allgemein
A61: Platin (g) | B61: Platin (g) | C61: SO23 | G61: Stahl-Blech (Haus)
A62: Platin (oz) | B62: Platin (oz) | C62: SO20 | G62: Stahlblech Kauf China (HDG)
A63: Rhodium (g) | B63: Rhodium (g) | C63: SO25 | G63: Stahlblech Kauf Europa (HDG)
A64: Others (raw material) | B64: Sonstige Rohstoffe | C64: SO99 | E64: X | G64: Stahlblech Kauf US (HDG)
A65: Rhodium (oz) | B65: Rhodium (oz) | C65: SO22 | G65: Stahlblech Warmband China (HRC)
A66: Steel others | B66: Stahl-Allgemein | C66: ST99 | G66: Stahlblech Warmband Europa (HRC)
A67: Steel sheet (BMW manufacturing) | B67: Stahl-Blech (Haus) | C67: ST01 | D67: ggf. Detaillierung unten ergänzen mit Stahlschrott (Rückvergütung) | G67: Stahlblech Warmband US (HRC)
A68: Steel Hot dipped galvanized China | B68: Stahlblech Kauf China (HDG) | C68: ST15 | D68: ggf. Detaillierung unten ergänzen mit Stahlschrott (Rückvergütung) | G68: Stahl-Eisenguss
A69: Steel Hot dipped galvanized Europe | B69: Stahlblech Kauf Europa (HDG) | C69: ST09 | D69: ggf. Detaillierung unten ergänzen mit Stahlschrott (Rückvergütung) | G69: Stahl-Elektroblech
A70: Steel Hot dipped galvanized US | B70: Stahlblech Kauf US (HDG) | C70: ST11 | D70: ggf. Detaillierung unten ergänzen mit Stahlschrott (Rückvergütung) | G70: STAHLSCHMIEDE-SCHROTTZUSCHLAG (MTZ)
A71: Steel Hot rolled coil China | B71: Stahlblech Warmband China (HRC) | C71: ST12 | D71: ggf. Detaillierung unten ergänzen mit Stahlschrott (Rückvergütung) | G71: Stahl-Schmiedestahl
A72: Steel Hot rolled coil Europe | B72: Stahlblech Warmband Europa (HRC) | C72: ST10 | D72: ggf. Detaillierung unten ergänzen mit Stahlschrott (Rückvergütung) | G72: Stahl-Walzdraht
A73: Stainless steel base price | B73: Stahl-Edelstahl Basisstahl | C73: ST08 | D73: ggf. weitere Ergänzung um Nickel und Ferrochrom | E73: X | G73: Zink (Reinrohstoff)
A74: Steel Hot rolled coil US | B74: Stahlblech Warmband US (HRC) | C74: ST12 | D74: ggf. Detaillierung unten ergänzen mit Stahlschrott (Rückvergütung) | G74: Zinn (Reinrohstoff)
A75: Steel iron casting | B75: Stahl-Eisenguss | C75: ST04
A76: Steel electrical sheet | B76: Stahl-Elektroblech | C76: ST30 | D76: ggf. Detaillierung unten ergänzen mit Stahlschrott (Rückvergütung)
A77: FORGED STEEL SCRAP SURCHARGE (MTZ) | B77: STAHLSCHMIEDE-SCHROTTZUSCHLAG (MTZ) | C77: SRZS | D77: Fertiggewicht
A78: Steel scrap return Europe | B78: Stahlschrott (Rückvergütung) Europa | C78: ST07 | D78: als Abschlag für Reststoffvergütung (siehe Ausführungsbeispiel Stahl) | E78: X
A79: Steel scrap return USA | B79: Stahlschrott (Rückvergütung) USA | C79: ST14 | D79: als Abschlag für Reststoffvergütung (siehe Ausführungsbeispiel Stahl) | E79: X
A80: Steel Forged steel | B80: Stahl-Schmiedestahl | C80: ST05 | D80: ggf. Detaillierung unten ergänzen mit Stahlschrott (Rückvergütung)
A81: Steel Wire rod | B81: Stahl-Walzdraht | C81: ST06 | D81: ggf. Detaillierung unten ergänzen mit Stahlschrott (Rückvergütung)
A82: Zinc (primary raw material) | B82: Zink (Reinrohstoff) | C82: SO11
A83: Tin (primary raw material) | B83: Zinn (Reinrohstoff) | C83: SO10
A88: Ergänzende Schlüssel | G88: Abwicklungsmodelle
B89: Beschreibung Rohstoffschlüssel | C89: Anteilsart | D89: Hinweismeldung im Blatt "Rohstoffrisiken" zur weiteren Vorgehensweise | E89: nicht im Material-Blatt | G89: Marktorienterte Verhandlung | H89: MOV
A90: Aluminium Primary AL CJP Premium | B90: Aluminium Primär-AL-CJP-Prämie | C90: AL07 | D90: nur für Alu-Primärlegierungen zulässig - Japan | G90: Preisgleitklausel | H90: PGK
A91: Aluminium Primary AL Midwest Premium | B91: Aluminium Primär-AL-Midwest-Prämie | C91: AL06 | D91: nur für Alu-Primärlegierungen zulässig - USA | G91: Materialteuerungszuschlag | H91: MTZ
A92: Aluminium Primary AL Premium (ECDP/ECDU) | B92: Aluminium Primär-AL-Prämie (ECDP/ECDU) | C92: AL04 | D92: nur für Alu-Primärlegierungen zulässig - Europa | G92: Resale-Programm | H92: Resale
A93: Stainless steel base price | B93: Aluminium Schrott 2/Wertverzehr 2 | C93: AL03 | D93: konstanter Wert, wird bei Rohstoffschwankung nicht angepasst (siehe Ausführungsbeispiel Aluminium) | E93: X
A94: Aluminium Scrap/Lost value | B94: Aluminium Schrott/Wertverzehr | C94: AL02 | D94: konstanter Wert, wird bei Rohstoffschwankung nicht angepasst (siehe Ausführungsbeispiel Aluminium) | E94: X
A95: Aluminium Sekundary AL Premium (Alloy 226) | B95: Aluminium-Sekundärprämie Leg. 226 | C95: AL05 | D95: nur für Alu-Leg. 226 zulässig
A96: Ferrochromium high (65% Cr, 0,06% C) | B96: Ferrochrom high (65% Cr, 0,06% C) | C96: SO08 | D96: hier nur als weitere Detaillierung für Stahl- und Gusslegierungselemente
A97: Ferrochromium low (low phosphor, max. 7% C) | B97: Ferrochrom low (low phosphor, max. 7% C) | C97: SO09 | D97: hier nur als weitere Detaillierung für Stahl- und Gusslegierungselemente
A98: Nickel (LME, primary raw material) | B98: Nickel (LME, Reinrohstoff) | C98: SO03 | D98: hier als weitere Detaillierung für Stahl- und Gusslegierungselemente
A99: NICKEL LME CASH SELLER (MTZ) | B99: NICKEL LME CASH SELLER (MTZ) | C99: NICA | D99: Fertiggewicht
A100: Stainless steel base price | B100: Stahl-Edelstahl Basisstahl | C100: ST08 | D100: ggf. weitere Ergänzung um Nickel und Ferrochrom
A101: Steel scrap return Europe | B101: Stahlschrott (Rückvergütung) Europa | C101: ST07 | D101: als Abschlag für Reststoffvergütung (siehe Ausführungsbeispiel Stahl) | E101: X
A102: Steel scrap return USA | B102: Stahlschrott (Rückvergütung) USA | C102: ST14 | D102: als Abschlag für Reststoffvergütung (siehe Ausführungsbeispiel Stahl) | E102: X

Sheet Protokoll
B3: ACHTUNG:
B4: Der Inhalt von diesem Blatt wird beim prüfen der datei mit QAF8-Tools gelöscht und neu befüllt

Sheet Temp
